 Dungeon Crawl Stone Soup version 0.32-a0-656-g3542139 (webtiles) character file.

Game seed: 11893327838622799393

16705136 december12 the Archmage (level 27, 249/249 HPs)
             Began as a Barachi Artificer on Mar 6, 2024.
             Was an Initiate of Gozag.
             Escaped with the Orb
             ... and 15 runes on Mar 8, 2024!
             The game lasted 03:58:57 (93368 turns).

december12 the Archmage (Barachi Artificer)        Turns: 93368, Time: 03:58:58

Health: 249/249    AC: 45    Str: 17    XL:     27
Magic:  54/54      EV: 25    Int: 29    God:    Gozag
Gold:   21737      SH:  0    Dex: 18    Spells: 6/80 levels left

rFire   + + .        a - +7 double sword of Fuytik {protect, Int+7, !d}
rCold   + + +        j - orb "Laecil" {guile, rC+ rN+ Str+2 Int+3, !d}
rNeg    + + +        K - +7 pearl dragon scales
rPois   ∞            P - +4 helmet of Bah Lai {rN+}
rElec   +            y - +1 cloak {Will+}
rCorr   +            v - +2 pair of gloves {Stlth+}
SInv    .            M - +0 pair of boots "Puppi" {rElec rF+}
Will    +++..        A - amulet "Ijoitaxu" {Acrobat rN+ Regen+}
Stlth   +            B - ring "Polly" {Fly rF+ rC+ rCorr}
HPRegen 1.41/turn    C - ring of willpower
MPRegen 0.34/turn

%: acrobat
@: death-form, flying, studying 4 skills, slow
A: vile attack, torment immunity, no potions, amphibious, slowness 1, strong
legs 2, +LOS
0: Orb of Zot
}: 15/15 runes: decaying, serpentine, slimy, silver, golden, iron, obsidian,
icy, bone, abyssal, demonic, glowing, magical, fiery, dark
a: Hop, Siphon Essence, Begin Untransformation, Renounce Religion, Potion
Petition, Call Merchant, Bribe Branch


You escaped.
You worshipped Gozag.
Gozag was extremely pleased with you.
You were an undying horror.
You visited 18 branches of the dungeon, and saw 88 of its levels.
You visited Pandemonium 1 time, and saw 16 of its levels.
You visited the Abyss 4 times.
You visited 1 bazaar.
You completed 1 ziggurat, and saw 27 of its levels.
You also visited: Trove, Ossuary, Ice Cave and Desolation.

You collected 63410 gold pieces.
You spent 11040 gold pieces at shops.
You paid 30633 gold pieces to Gozag.

Inventory:

Hand Weapons
 a - the +7 double sword of Fuytik (weapon) {protect, Int+7, !d}
   (You acquired it on level 13 of the Dungeon)

   Int+7:     It affects your intelligence (+7).
 c - the +6 sword of Cerebov {flame}
   (You took it off Cerebov in Pandemonium)
 e - the +6 Majin-Bo {spellvamp, MP+6 Int+6, !a !d}
   (You took it off a vampire on level 3 of the Crypt)

   Int+6:     It affects your intelligence (+6).
   MP+6:      It affects your magic capacity (+6).
Missiles
 l - 15 curare-tipped darts (quivered)
 Z - 7 throwing nets {!f}
Armour
 j - the orb "Laecil" (worn) {guile, rC+ rN+ Str+2 Int+3, !d}
   (You bought it in a shop on level 15 of the Dungeon)

   Str+2:     It affects your strength (+2).
   Int+3:     It affects your intelligence (+3).
   rC+:       It protects you from cold.
   rN+:       It protects you from negative energy.
 v - a +2 pair of gloves of stealth (worn)
 y - a +1 cloak of willpower (worn)
 K - +7 pearl dragon scales (worn)
 M - the +0 pair of boots "Puppi" (worn) {rElec rF+}
   (You found it on level 22 of a ziggurat)

   rF+:       It protects you from fire.
   rElec:     It insulates you from electricity.
 P - the +4 helmet of Bah Lai (worn) {rN+}
   (You bought it in a shop on level 10 of the Dungeon)

   rN+:       It protects you from negative energy.
Magical Staves
 b - the staff of Kieck {rF+ rN+ Will++ Hexes Necro, !d !a}
   (You found it on level 11 of a ziggurat)

   [staff of death]

   Base accuracy: +5 Base damage: 5 Base attack delay: 1.2 This weapon's minimum
   attack delay (0.6) is reached at skill level 12.
   rF+:       It protects you from fire.
   rN+:       It protects you from negative energy.
   Will++:    It greatly increases your willpower.
   Hexes:     It increases the power of your Hexes spells.
   Necro:     It increases the power of your Necromancy spells.
   It falls into the 'Staves' category.
   It is a one-handed weapon.
Jewellery
 A - the amulet "Ijoitaxu" (around neck) {Acrobat rN+ Regen+}
   (You found it on level 24 of a ziggurat)

   [amulet of the acrobat]

   Acrobat:   It increases your evasion while moving and waiting.
   rN+:       It protects you from negative energy.
   Regen+:    It increases your rate of health regeneration.
 B - the ring "Polly" (left hand) {Fly rF+ rC+ rCorr}
   (You acquired it on level 5 of the Vaults)

   [ring of protection from cold]

   rF+:       It protects you from fire.
   rC+:       It protects you from cold.
   Fly:       It grants you flight.
   rCorr:     It protects you from acid and corrosion.
 C - a ring of willpower (right hand)
 D - the ring of Soejom {rF+ rN+ Int+3 Dex+2}
   (You found it on level 5 of the Pits of Slime)

   [ring of positive energy]

   Int+3:     It affects your intelligence (+3).
   Dex+2:     It affects your dexterity (+2).
   rF+:       It protects you from fire.
   rN+:       It protects you from negative energy.
Talismans
 m - a talisman of death (active)
 Y - a granite talisman
Wands
 g - a wand of light (59)
 z - a wand of roots (102)
 O - a wand of paralysis (130)
 V - a wand of digging (31)
Scrolls
 i - 13 scrolls of blinking
 o - 8 scrolls of vulnerability {!d}
 p - 13 scrolls of fear
 q - 17 scrolls of immolation
 t - 38 scrolls of teleportation
 w - 34 scrolls of fog
 H - 3 scrolls of revelation
 I - 10 scrolls of amnesia
 J - 5 scrolls of butterflies
 X - 9 scrolls of enchant armour
Potions
 f - 13 potions of enlightenment
 h - 16 potions of attraction
 n - 11 potions of cancellation
 s - 4 potions of brilliance {!d !q}
 u - 39 potions of curing
 x - 18 potions of might
 E - 4 potions of resistance
 F - 14 potions of ambrosia
 G - 36 potions of mutation
 N - 14 potions of magic
 R - 34 potions of heal wounds
 S - 2 potions of invisibility
 U - 7 potions of haste
Miscellaneous
 d - a condenser vane
 k - a phantom mirror
 r - 2 +1 figurines of a ziggurat
 Q - a phial of floods


   Skills:
 O Level 27 Fighting
 O Level 27 Long Blades
 O Level 27 Armour
 O Level 27 Dodging
 - Level 0.8 Stealth
 O Level 27 Spellcasting
 - Level 5.0 Conjurations
 + Level 26.7 Hexes
 - Level 9.0 Translocations
 O Level 27 Ice Magic
 - Level 25.0 Air Magic
 - Level 4.0 Earth Magic
 - Level 6.0 Alchemy
 + Level 20.2 Evocations
 O Level 27 Shapeshifting


You had 6 spell levels left.
You knew the following spells:

 Your Spells              Type           Power      Damage    Failure   Level
a - Polar Vortex          Ice            57%        12d7*     1%          9
b - Summon Mana Viper     Hex/Summ       86%        N/A       1%          5
c - Vhi's Electric Charg  Tloc/Air       100%       N/A       0%          4
d - Discord               Hex            57%        N/A       1%          8
e - Ozocubu's Refrigerat  Ice            57%        4d20      0%          7
g - Enfeeble              Hex            57%        N/A       1%          7
i - Maxwell's Capacitive  Air            55%        ∞         1%          8
o - Passwall              Erth           58%        N/A       1%          3
p - Passage of Golubria   Tloc           75%        N/A       1%          4
r - Irradiate             Conj/Alch      31%        3d22      3%          5
v - Blink                 Tloc           100%       N/A       1%          2
y - Yara's Violent Unrav  Hex/Alch       46%        3d18      1%          5
z - Apportation           Tloc           100%       N/A       1%          1
B - Manifold Assault      Tloc           75%        N/A       1%          4
W - Lesser Beckoning      Tloc           100%       N/A       1%          2

Your spell library contained the following spells:

 Spells                   Type           Power      Damage    Failure   Level
 Freeze                   Ice            100%       1d10      0%          1
 Shock                    Conj/Air       100%       1d9       0%          1
 Slow                     Hex            100%       N/A       0%          1
 Ensorcelled Hibernation  Hex/Ice        100%       N/A       0%          2
 Jinxbite                 Hex            100%       N/A       0%          2
 Mercury Vapours          Alch/Air       100%       N/A       0%          2
 Static Discharge         Conj/Air       100%       3-8/arc   0%          2
 Confusing Touch          Hex            100%       N/A       0%          3
 Dazzling Flash           Conj/Hex       100%       N/A       0%          3
 Frozen Ramparts          Ice            100%       1d16      0%          3
 Hailstorm                Conj/Ice       93%        3d15      0%          3
 Inner Flame              Hex/Fire       86%        N/A       0%          3
 Ozocubu's Armour         Ice            100%       N/A       0%          3
 Sigil of Binding         Hex            100%       N/A       0%          3
 Summon Ice Beast         Ice/Summ       87%        N/A       0%          3
 Swiftness                Air            100%       N/A       0%          3
 Tukima's Dance           Hex            100%       N/A       0%          3
 Airstrike                Air            55%        2d(8-24)  0%          4
 Cause Fear               Hex            57%        N/A       0%          4
 Dimensional Bullseye     Hex/Tloc       48%        N/A       0%          4
 Freezing Cloud           Conj/Ice/Air   49%        6-21      0%          5
 Metabolic Englaciation   Hex/Ice        57%        N/A       0%          5
 Silence                  Hex/Air        56%        N/A       0%          5
 Foxfire                  Conj/Fire      100%       2x1d9     1%          1
 Kiss of Death            Conj/Necr      100%       2d13      1%          1
 Magic Dart               Conj           100%       1d8       1%          1
 Necrotise                Necr           100%       1d9       1%          1
 Sandblast                Erth           100%       2d20      1%          1
 Sting                    Conj/Alch      100%       1d9       1%          1
 Summon Small Mammal      Summ           100%       N/A       1%          1
 Call Imp                 Summ           78%        N/A       1%          2
 Cigotuvi's Dreadful Rot  Necr/Alch/Air  100%       N/A       1%          2
 Scorch                   Fire           78%        2d8       1%          2
 Searing Ray              Conj           100%       2d8       1%          2
 Sublimation of Blood     Necr           39%        N/A       1%          2
 Gell's Gravitas          Tloc           75%        N/A       1%          3
 Mephitic Cloud           Conj/Alch/Air  83%        N/A       1%          3
 Teleport Other           Tloc           75%        N/A       1%          3
 Volatile Blastmotes      Fire/Tloc      100%       2d18      1%          3
 Anguish                  Hex/Necr       43%        N/A       1%          4
 Brom's Barrelling Bould  Conj/Erth      60%        2d8       1%          4
 Fulminant Prism          Conj/Alch      31%        3d16      1%          4
 Iskenderun's Mystic Bla  Conj/Tloc      68%        2d14      1%          4
 Leda's Liquefaction      Alch/Erth      31%        N/A       1%          4
 Olgreb's Toxic Radiance  Alch           65%        N/A       1%          4
 Petrify                  Alch/Erth      62%        N/A       1%          4
 Summon Lightning Spire   Summ/Air       84%        N/A       1%          4
 Arcjolt                  Conj/Air       45%        1d55      1%          5
 Conjure Ball Lightning   Conj/Air       45%        3x3d16    1%          6
 Plasma Beam              Fire/Air       42%        2x1d56    1%          6
 Sculpt Simulacrum        Ice/Alch       47%        N/A       1%          6
 Alistair's Intoxication  Alch           43%        N/A       2%          5
 Call Canine Familiar     Summ           39%        N/A       3%          3
 Fugue of the Fallen      Necr           39%        N/A       3%          3
 Vampiric Draining        Necr           39%        2d8       3%          3
 Ignite Poison            Fire/Alch      54%        N/A       3%          4
 Sticky Flame             Fire/Alch      54%        2d10      3%          4
 Flame Wave               Conj/Fire      52%        2d13      4%          4
 Iskenderun's Battlesphe  Conj           62%        2d11      4%          5
 Dispersal                Tloc           37%        N/A       4%          6
 Summon Forest            Summ/Tloc      30%        N/A       5%          5
 Lee's Rapid Deconstruct  Erth           29%        3d15*     6%          5
 Dispel Undead            Necr           39%        3d16      12%         4
 Martyr's Knell           Necr/Summ      39%        N/A       12%         4
 Summon Blazeheart Golem  Fire/Summ      39%        N/A       12%         4
 Fireball                 Conj/Fire      26%        3d12      12%         5
 Borgnjor's Vile Clutch   Necr/Erth      25%        N/A       14%         5
 Eringya's Noxious Bog    Alch           32%        4d6       16%         6
 Bombard                  Conj/Erth      30%        9d5       28%         6
 Curse of Agony           Necr           39%        N/A       32%         5
 Starburst                Conj/Fire      26%        6d8       54%         6
 Death Channel            Necr           19%        N/A       88%         6
 Summon Cactus Giant      Summ           19%        N/A       88%         6
 Orb of Destruction       Conj           31%        9d10      78%         7
 Disjunction              Tloc           37%        N/A       89%         8
 Chain Lightning          Conj/Air       45%        3d60      95%         9
 Spellforged Servitor     Conj/Summ      26%        N/A       98%         7
 Haunt                    Necr/Summ      19%        N/A       100%        7
 Monstrous Menagerie      Summ           19%        N/A       100%        7
 Summon Hydra             Summ           19%        N/A       100%        7
 Ignition                 Fire           19%        3d7       100%        8
 Infestation              Necr           19%        N/A       100%        8
 Lehudib's Crystal Spear  Conj/Erth      30%        10d8      100%        8
 Death's Door             Necr           19%        N/A       100%        9
 Dragon's Call            Summ           19%        N/A       100%        9
 Fire Storm               Conj/Fire      26%        8d7       100%        9
 Shatter                  Erth           29%        3d24*     100%        9
 Animate Dead             Necr           Unusable   N/A       N/A         4

Dungeon Overview and Level Annotations

Branches:
Dungeon (15/15)            Temple (1/1) D:5            Lair (5/5) D:10
  Swamp (4/4) Lair:2        Snake (4/4) Lair:3        Slime (5/5) Lair:4
    Orc (2/2) D:10            Elf (3/3) Orc:2        Vaults (5/5) D:13
  Crypt (3/3) Vaults:3       Tomb (3/3) Crypt:3      Depths (4/4) D:15
   Hell (visited)             Dis (7/7) Hell            Geh (7/7) Hell
    Coc (7/7) Hell            Tar (7/7) Hell            Zot (5/5) Depths:4
Ossuary (visited)           IceCv (visited)         Desolation (visited)

Altars:
Ashenzari
Cheibriados
Dithmenos
Elyvilon
Fedhas
Gozag
Hepliaklqana
Kikubaaqudgha
Makhleb
Nemelex Xobeh
Okawaru
Qazlal
Ru
Sif Muna
Trog
Uskayaw
Vehumet
Wu Jian
Xom
Yredelemnul
Zin
The Shining One
Jiyva
Lugonu

Shops:
D:5 ?   D:10 [(   D:15 =[![[[[[[=[[=   Orc:2 [([=   Elf:2 *   Elf:3 =
Vaults:2 :   Vaults:4 !=!:   Depths:2 =   Depths:4 (

Portals:
Hell: Depths:1 Depths:2 Depths:3 Depths:4
Abyss: D:8 Lair:5 Depths:1 Depths:3
Pandemonium: Depths:2

Annotations:
Zot:2 1 runed translucent door, Illymn's ghost, legendary TeBe
Zot:4 1 exclusion


Innate Abilities, Weirdness & Mutations

You are an undying horror.
Your melee and unarmed attacks drain, slow and weaken victims.
You are immune to unholy pain and torment.
You cannot drink.
You are immune to poison.
You are amphibious.
You cover ground slowly.
You can hop long distances.
You have an extended range of vision and can be seen from far away.


Message History

The poison arrow misses you.
You slice the green death!!
You kill the green death!
A Hell Sentinel comes into view.
You see here 18 gold pieces.
There is a staircase leading out of the dungeon here.
Casting: Lesser Beckoning (safe; 1% risk of failure)
Confirm with . or Enter, or press ? or * to list all spells.
You begin accumulating electric charge. (Press . to continue charging.)
You feel charge building up...
You feel charge building up... The Hell Sentinel barely misses you.
The Hell Sentinel misses you.
You feel charge building up...
The Hell Sentinel completely misses you.
The Hell Sentinel hits you but does no damage.
The electricity discharges through the Hell Sentinel!!!!
The Hell Sentinel vaporises and condenses as gold!
You kill the Hell Sentinel!
Casting: Maxwell's Capacitive Coupling (mildly dangerous; 1% risk of failure)
Confirm with . or Enter, or press ? or * to list all spells.
You can't see any susceptible monsters within range! (Use Z to cast anyway.) Unknown command.
You start resting.
Magic restored.
Unknown command.
You start putting on your armour.
You continue putting on your +2 pair of gloves of stealth. x4
The sun demon shouts! x2
You finish putting on your +2 pair of gloves of stealth.
You feel stealthy.
Saving game... please wait.
Welcome back, december12 the Barachi Artificer.
Gozag says: Greed is good.
Press ? for a list of commands and other information.
Welcome back, december12 the Barachi Artificer.
Gozag says: Greed is good.
Press ? for a list of commands and other information.
Unknown command.
You have escaped!

#♣.............♣..#.#.###
#♣♣♣~♣.....PP....♣~♣♣♣.#....
#♣...♣~♣§..PPPP..♣~♣...♣#####
♣.....♣~♣PPPPPPP♣~♣.....♣
♣.[....♣$♣PPPPP♣~♣......♣
♣......P♣$♣PPP♣~♣P......♣ ##
#♣......PP♣~♣♣♣$♣PP......♣# #.
#.♣....PPPP♣$~~♣PPPP....♣.# #.
#..♣..PPPPP♣$z$♣PPPPP..♣..# #.
#.♣...PPPPP♣$$~.....P...♣.# ##
#♣(....PPP.~.♣.~♣........♣# #.
# ♣......P♣~♣....$♣.......♣ #.
# ♣......♣2♣...$.♣~♣......♣ #.
## #♣.....♣~♣.3..$.$♣~♣.....♣#
## .#
#.♣...♣~♣......$..♣)♣...♣.#
.###..♣♣♣~♣..3$......$♣~♣♣♣..#
.........♣.....$.............#


You could see a balrug and 2 sun demons.

Vanquished Creatures
  Cerebov (Pan)
  Antaeus (Coc:7)
  Mnoleg (Pan)
  Lom Lobon (Pan)
  the Royal Jelly (Slime:5)
  the Serpent of Hell (Coc:7)
  Gloorx Vloq (Pan)
  Ereshkigal (Tar:7)
  Frederick (Depths:3)
  Dispater (Dis:7)
  10 dread liches
  13 ancient liches
  3 orbs of fire (Zot:5)
  Mara (Vaults:3)
  Mennas (Pan)
  2 juggernauts
  25 royal mummies
  Josephina (Crypt:3)
  Bai Suzhen (Crypt:3)
  8 Killer Klowns
  8 pandemonium lords
  4 curse toes
  20 shard shrikes
  Vashnia (Snake:4)
  14 golden dragons
  12 caustic shrikes
  3 profane servitors
  Geryon (Hell)
  Jory (Vaults:4)
  Nikola (Depths:1)
  7 bone dragons
  14 Tzitzimimeh
  A doom hound (Tar:3)
  13 electric golems
  7 iron giants (Dis:7)
  Jorgrun (Elf:2)
  12 hellephants
  10 Brimstone Fiends
  13 tainted leviathans
  A spectral shard shrike (Tar:2)
  28 Hell Sentinels
  21 Ice Fiends
  24 Orb Guardians
  7 liches
  17 tentacled monstrosities
  8 searing wretches
  3 deep elf blademasters (Elf:3)
  3 quicksilver dragons
  16 titans
  33 ancient champions
  21 acid blobs
  14 Executioners
  A walking divine tome (Depths:2)
  3 deep elf master archers (Elf:3)
  Gastronok (D:10)
  5 tentacled starspawn
  An eldritch tentacle (Pan)
  10 sphinxes
  Frances (Swamp:2)
  6 death cobs
  14 storm dragons
  16 tengu reavers
  12 shadow dragons
  13 rockslimes
  A thorn hunter (Swamp:4)
  8 protean progenitors
  33 nagarajas
  A daeva (Zig:10)
  16 azure jellies
  8 draconian monks
  2 draconian knights
  4 demonspawn warmongers (Pan)
  A frost giant (shapeshifter) (Zig:5)
  5 revenants
  8 fenstrider witches
  5 draconian shifters
  4 imperial myrmidons (Desolation)
  9 vault wardens
  6 quicksilver elementals
  19 balrugs
  14 fire giants
  17 frost giants
  17 narguns
  5 deep elf elementalists (Elf:3)
  8 draconian scorchers
  13 deep elf sorcerers
  2 spectral caustic shrikes (Tar:1)
  3 iron dragons
  13 ghost moths
  4 emperor scorpions
  15 reapers
  7 shard shrike simulacra
  A caustic shrike zombie (Crypt:3)
  6 demonspawn corrupters (Pan)
  6 orc warlords
  10 cacodemons
  4 angels
  4 curse skulls
  8 draconian annihilators
  5 draconian stormcallers
  A spectral juggernaut (Tar:1)
  16 quicksilver oozes
  8 ghouls
  4 juggernaut skeletons (Pan)
  4 caustic shrike skeletons (Pan)
  24 ironbound preservers
  5 formless jellyfish
  15 ironbound thunderhulks
  2 broodmothers
  19 stone giants
  17 very ugly things
  24 dire elephants
  8 demonspawn blood saints
  13 white draconians
  11 elemental wellsprings
  6 vampire knights
  4 eleionomae
  10 deep elf death magi
  20 green draconians
  3 demonspawn black suns
  8 putrid mouths
  9 deep elf annihilators
  8 purple draconians
  12 red draconians
  5 bunyips
  10 deep elf demonologists
  5 black draconians
  3 lorocyprocas
  8 iron golems
  14 wendigos
  A minotaur (D:11)
  9 yellow draconians
  15 war gargoyles
  9 eidola
  19 spark wasps
  Azrael (D:12)
  Snorg (D:13)
  5 crystal guardians
  An ettin (shapeshifter) (Depths:2)
  15 blizzard demons
  A spectral elf (Tar:1)
  The ghost of Nurvuk the Cleaver, a journeyman CoGl of Cheibriados (D:11)
  6 fire dragons
  19 green deaths
  10 jiangshi
  19 ettins
  9 mummy priests
  11 yaktaur captains
  2 spectral spriggans
  5 spriggan zombies
  3 shambling mangroves
  10 ragged hierophants (Desolation)
  8 entropy weavers
  22 hydras
  14 caustic shrike simulacra
  22 salamander tyrants
  5 servants of whispers (Desolation)
  11 peacekeepers
  9 great orbs of eyes
  10 deep elf high priests
  10 anacondas
  2 hell beasts
  14 spriggan air magi
  6 juggernaut simulacra
  A rakshasa (Depths:4)
  7 ice dragons
  39 vault guards
  A jorogumo (Pan)
  2 ghost crabs (Swamp:4)
  14 alligators
  14 centaur warriors
  6 death knights
  A fenstrider witch skeleton (Tomb:1)
  5 boulder beetles
  An ogre mage (Zig:13)
  A radroach (Zot:1)
  24 dancing weapons
  2 stokers
  An alligator snapping turtle (Zig:4)
  3 satyrs
  3 spriggan skeletons
  2 merfolk aquamancers
  17 death scarabs
  9 hell hogs
  5 ironbound frosthearts
  2 two-headed ogres
  3 tengu warriors
  2 deep troll shamans
  7 demonic crawlers
  7 spriggan berserkers
  7 vampire magi
  8 orc high priests
  24 shock serpents
  7 deep troll earth magi
  5 thrashing horrors
  4 titan zombies
  18 naga warriors
  9 crystal echidnas
  18 naga sharpshooters
  33 hell knights
  24 deep elf knights
  15 sun demons
  14 soul eaters
  2 titan skeletons
  6 shadow wraiths (Tar:7)
  3 wretched stars
  40 skeletal warriors
  10 sixfirhies
  6 pharaoh ants (Zig:26)
  A sea snake (Zot:2)
  6 goliath frogs
  The ghost of znke the Mimic, a novice VSSh of Wu Jian (D:8)
  A quicksilver dragon simulacrum (Coc:5)
  5 bog bodies
  A spatial maelstrom (Abyss:4)
  8 glowing orange brains
  2 anaconda zombies
  11 mana vipers
  13 swamp dragons
  9 salamander mystics
  6 sun moths
  8 iron trolls
  11 arcanists
  9 shadow demons
  A lindwurm (shapeshifter) (Vaults:5)
  A spectral anaconda (Tar:1)
  A ghost moth zombie (Crypt:3)
  5 spriggan druids
  An orb spider (Zig:26)
  10 deep elf archers
  11 flayed ghosts
  2 orange crystal statues
  63 deep trolls
  2 steelbarb worms (shapeshifter)
  14 phantasmal warriors
  3 spriggan simulacra
  13 lindwurms
  2 thermic dynamos (Elf:2)
  22 ironbound convokers
  10 naga ritualists
  A shadow dragon zombie (Zig:22)
  18 necromancers
  29 deep elf pyromancers
  27 deep elf zephyrmancers
  9 steelbarb worms
  An anaconda skeleton (Snake:1)
  A jorogumo zombie (Crypt:1)
  12 orc knights
  3 orc sorcerers
  An iron dragon zombie (Crypt:3)
  2 fenstrider witch simulacra
  21 large abominations
  32 ugly things
  A faun (shapeshifter) (Zig:5)
  3 wolf spiders (Zig:26)
  An oklob plant (Lair:5)
  7 will-o-the-wisps
  12 salamanders
  A stone giant zombie (Crypt:3)
  A manticore (shapeshifter) (Zig:5)
  5 manticores
  A spectral ettin (Tar:6)
  7 shining eyes
  7 cyclopes
  5 kobold blastminers
  18 moths of wrath
  An iron dragon skeleton (Crypt:3)
  17 vault sentinels
  3 ice statues
  A water nymph (Zig:4)
  3 titan simulacra
  A black mamba (shapeshifter) (D:13)
  3 centaur zombies
  12 guardian serpents
  3 meliai (D:13)
  25 elephants
  30 naga magi
  4 rust devils
  An apocalypse crab (Abyss:4)
  An eye of devastation (Slime:5)
  3 water nymphs (shapeshifter)
  5 molten gargoyles
  A torpor snail (shapeshifter) (Vaults:5)
  8 cane toads
  31 smoke demons
  4 gargoyles
  3 spectral sea snakes (Snake:1)
  2 dire elephant skeletons
  2 alligator snapping turtle zombies
  34 black mambas
  A white draconian zombie (Crypt:1)
  10 orange demons
  Maggie (D:7)
  A catoblepas zombie (Crypt:3)
  2 kobold demonologists
  6 torpor snails (Zig:26)
  A yaktaur (shapeshifter) (Abyss:4)
  7 unseen horrors
  A yaktaur zombie (Vaults:1)
  2 rime drakes
  6 anaconda simulacra
  18 tormentors
  9 komodo dragons
  23 yaktaurs
  2 efreet
  2 bunyip simulacra (Coc:1)
  9 hellions
  11 ice devils
  An alligator snapping turtle skeleton (Crypt:3)
  A silent spectre (Tar:6)
  A purple draconian zombie (Crypt:3)
  A red draconian zombie (Crypt:2)
  3 harpy zombies
  2 ancient zymes
  36 guardian mummies
  16 freezing wraiths
  A golden dragon simulacrum (Coc:7)
  6 iron giant simulacra
  2 sea snake skeletons
  3 red devils
  3 spectral harpies
  A polar bear (Lair:3)
  22 hornets
  A queen bee (D:13)
  10 trolls
  6 wind drakes
  61 saltlings (Desolation)
  6 tarantellas
  14 hellwings
  3 raiju
  3 snapping turtles
  6 tyrant leeches
  A glass eye (shapeshifter) (Depths:2)
  8 blink frogs (Lair:5)
  A stone giant simulacrum (Coc:5)
  6 glass eyes
  A satyr zombie (Crypt:1)
  A jumping spider (Zig:26)
  A jumping spider (shapeshifter) (Vaults:5)
  13 air elementals
  A spectral guardian serpent (Snake:1)
  3 culicivoras
  A guardian serpent skeleton (Snake:1)
  117 slime creatures
  A black mamba zombie (Crypt:1)
  2 centaur simulacra (Crypt:3)
  2 ettin skeletons
  17 spriggans
  10 ynoxinuls
  9 dire elephant simulacra
  4 water elementals
  A shadow (D:12)
  6 wraiths
  8 vampires
  6 wyverns
  Sigmund (D:5)
  19 small abominations
  A black mamba skeleton (Tomb:1)
  24 yaks
  An alligator snapping turtle simulacrum (Coc:3)
  A wind drake zombie (Crypt:1)
  16 ushabtiu
  5 wargs
  6 redbacks
  4 fire bats (Abyss:2)
  15 golden eyes
  4 steam dragons
  9 fire elementals
  Grum (D:8)
  9 basilisks
  A redback (shapeshifter) (Depths:2)
  18 chaos spawn
  12 neqoxecs
  4 spatial vortices (Abyss:4)
  4 death yak simulacra (IceCv)
  10 vampire mosquitoes
  9 swamp worms
  9 harpy simulacra
  3 hell hounds (D:12)
  43 nagas
  16 water moccasins
  2 acid dragons (D:11)
  8 hydra simulacra
  12 swamp drakes
  2 ettin simulacra
  3 guardian serpent simulacra (Snake:1)
  40 orc warriors
  2 naga skeletons (Snake:1)
  2 black bears
  3 ice beasts
  31 laughing skulls
  A black bear (shapeshifter) (Lair:5)
  A snapping turtle zombie (Crypt:2)
  7 ogres
  A torpor snail zombie (Crypt:1)
  A black mamba simulacrum (Crypt:2)
  5 boggarts (Vaults:3)
  9 centaurs
  7 wolves
  A lindwurm skeleton (Crypt:1)
  A vine stalker zombie (Crypt:2)
  A phantom (D:4)
  10 bullfrogs
  4 kobold brigands
  2 brain worms (Pan)
  A gnoll sergeant (D:6)
  A two-headed ogre simulacrum (IceCv)
  3 earth elementals (Elf:1)
  4 cane toad simulacra (IceCv)
  A salamander skeleton (Crypt:2)
  A glowing shapeshifter simulacrum (Vaults:1)
  2 scorpions
  6 wights
  7 spectral nagas
  A swamp dragon simulacrum (Crypt:3)
  19 killer bees
  5 elephant simulacra (IceCv)
  A raiju skeleton (Crypt:1)
  5 howler monkeys
  5 electric eels
  A crimson imp (Abyss:4)
  3 hounds
  4 lava snakes
  A quasit (Vaults:2)
  17 orc priests
  2 bombardier beetles
  5 jellies
  A centaur skeleton (Crypt:1)
  3 starcursed masses
  A bullfrog skeleton (Crypt:2)
  Ijyb (D:5)
  A human skeleton (Crypt:2)
  5 iguanas
  2 sleepcaps
  17 orc wizards
  3 polar bear simulacra (IceCv)
  A killer bee zombie (Crypt:3)
  4 wolf simulacra (IceCv)
  43 mummies
  11 gnolls
  12 adders
  7 naga simulacra
  2 shadow imps
  6 white imps
  10 ufetubi
  2 iguana zombies (Crypt:3)
  An adder skeleton (Crypt:2)
  An adder zombie (Crypt:3)
  4 ribbon worms
  79 orcs
  4 bats
  A bat zombie (Crypt:2)
  6 endoplasms
  3 giant cockroaches
  3 goblins
  5 hobgoblins
  17 kobolds
  4 quokkas
  5 ball pythons
  2 frilled lizards
  7 hobgoblin zombies (Ossuary)
  2 kobold zombies
  An orc skeleton (Crypt:3)
  An orc zombie (D:7)
  4 rats
  A rat skeleton (Crypt:2)
  5 aspiring fleshes
  3 creeping infernos
  18 fire vortices
  2 starspawn tentacles (Abyss:4)
3847 creatures vanquished.

Vanquished Creatures (collateral kills)
  Asmodeus (Geh:7)
  12 pandemonium lords (Zig:27)
  6 dread liches
  7 ancient liches
  A juggernaut (Dis:6)
  17 royal mummies
  14 shard shrikes
  6 Killer Klowns
  A curse toe (Zot:4)
  2 caustic shrikes (Dis:5)
  2 bone dragons
  2 Brimstone Fiends
  A doom hound (Tar:6)
  A Tzitzimitl (Tar:7)
  2 iron giants
  4 Ice Fiends
  3 tentacled monstrosities
  9 Hell Sentinels
  3 tainted leviathans
  7 Orb Guardians
  A lich (Zig:18)
  2 sphinxes
  A sphinx (shapeshifter) (Zig:27)
  9 titans
  A death cob (Zot:4)
  10 ancient champions
  A searing wretch (Geh:7)
  3 Executioners
  9 protean progenitors
  4 storm dragons
  4 nagarajas
  2 demonspawn warmongers
  A fenstrider witch (shapeshifter) (Zig:27)
  4 fire giants
  3 frost giants (Coc:2)
  6 narguns
  2 iron dragons
  5 vault wardens
  2 quicksilver elementals
  3 draconian scorchers
  A draconian shifter (Zig:16)
  11 balrugs
  5 ghost moths (Zig:26)
  A deep elf sorcerer (Zig:23)
  4 draconian stormcallers
  2 shard shrike simulacra
  4 reapers
  6 cacodemons (Pan)
  A curse skull (Zig:15)
  A ghoul (Zot:2)
  3 demonspawn corrupters
  A quicksilver ooze (shapeshifter) (Zig:27)
  A broodmother (Zig:26)
  A very ugly thing (Zig:27)
  2 stone giants
  3 ironbound preservers
  5 green draconians
  9 orc warlords (Zig:25)
  2 caustic shrike skeletons (Zig:22)
  A vampire knight (Zig:15)
  5 demonspawn blood saints
  2 draconian annihilators
  9 elemental wellsprings
  4 demonspawn black suns
  6 putrid mouths
  A black draconian (Zot:4)
  A minotaur (shapeshifter) (Zig:27)
  4 purple draconians
  A deep elf demonologist (Zig:14)
  5 red draconians
  An eleionoma (shapeshifter) (Zig:27)
  3 spark wasps (Zig:27)
  4 deep elf annihilators
  4 white draconians
  A bunyip (Zig:24)
  2 yellow draconians
  A war gargoyle (Dis:7)
  4 blizzard demons (Pan)
  4 iron golems
  5 ettins (Zig:23)
  3 eidola
  A quicksilver dragon zombie (Zig:22)
  A merfolk javelineer (Zig:17)
  13 mummy priests
  2 entropy weavers
  A shambling mangrove (Zig:24)
  2 green deaths (Zig:24)
  A vault guard (Zig:14)
  A spriggan zombie (Zig:22)
  3 yaktaur captains
  A great orb of eyes (Zig:14)
  4 hydras
  3 ogre magi
  A hell beast (Hell)
  3 caustic shrike simulacra
  A stoker (Geh:2)
  A fenstrider witch skeleton (Hell)
  10 salamander tyrants
  A merfolk aquamancer (Zig:17)
  2 anacondas
  A two-headed ogre (shapeshifter) (Zig:27)
  An anaconda (shapeshifter) (Zig:23)
  An alligator (Zig:24)
  A boulder beetle (Zig:26)
  A two-headed ogre (Zig:25)
  A deep troll earth mage (Zig:23)
  32 death scarabs
  2 demonic crawlers (Zig:26)
  A juggernaut simulacrum (Coc:5)
  2 vampire magi (Zig:15)
  11 hell hogs
  10 orc high priests (Zig:25)
  3 shock serpents
  2 soul eaters (Pan)
  6 hell knights (Hell)
  A shock serpent (shapeshifter) (Zig:27)
  2 hellephant skeletons (Pan)
  A naga warrior (Zig:20)
  A naga sharpshooter (Zig:20)
  2 iron trolls (Zig:25)
  6 sixfirhies (Pan)
  A titan skeleton (Zig:22)
  A crystal echidna (Hell)
  18 sun demons
  5 skeletal warriors
  A pharaoh ant (Zig:26)
  2 shadow wraiths (Tar:7)
  2 storm dragon skeletons (Zig:22)
  2 spriggan druids (Zig:24)
  A flayed ghost (Zig:14)
  A swamp dragon (Zig:24)
  A quicksilver dragon simulacrum (Coc:5)
  3 sea snakes
  5 large abominations
  5 shadow demons
  2 orb spiders
  A steelbarb worm (shapeshifter) (Zig:27)
  A spriggan simulacrum (Coc:3)
  A lindwurm (shapeshifter) (Zig:27)
  3 sun moths (Zig:26)
  A phantasmal warrior (Zig:23)
  2 ironbound convokers
  An ugly thing (shapeshifter) (Zig:27)
  An orc knight (Zig:18)
  3 necromancers
  2 steelbarb worms (Zig:26)
  A shadow dragon skeleton (Zig:22)
  5 orc sorcerers (Zig:25)
  A faun (shapeshifter) (Zig:27)
  A shining eye (Zig:27)
  A manticore (Zig:17)
  3 wolf spiders (Zig:26)
  A shining eye (shapeshifter) (Zig:23)
  A wolf spider (shapeshifter) (Zig:18)
  16 moths of wrath
  A will-o-the-wisp (Zig:24)
  A manticore (shapeshifter) (Zig:27)
  8 naga magi
  A kobold blastminer (Zig:25)
  A vault sentinel (Zig:23)
  2 titan simulacra
  11 black mambas
  10 guardian serpents
  4 rust devils
  6 water nymphs (Zig:17)
  An eye of devastation (shapeshifter) (Zig:27)
  10 orange demons
  6 molten gargoyles
  5 torpor snails (Zig:26)
  A centaur skeleton (Hell)
  A naga skeleton (Tomb:2)
  11 smoke demons
  10 hellions
  An ice devil (Hell)
  5 tormentors
  4 golden dragon simulacra
  A freezing wraith (Coc:5)
  2 anaconda simulacra
  An iron giant simulacrum (Coc:2)
  20 guardian mummies
  A shadow dragon simulacrum (Coc:1)
  A hellwing (Pan)
  A polar bear (shapeshifter) (Zig:27)
  2 hornets
  A troll (Zig:25)
  An ettin zombie (Tomb:1)
  2 tyrant leeches (Pan)
  A culicivora (Zig:26)
  A spriggan (Zig:17)
  A dire elephant simulacrum (Coc:7)
  13 ushabtiu
  4 ynoxinuls (Pan)
  3 wargs (Zig:25)
  A naga simulacrum (Hell)
  A redback (Zig:26)
  A neqoxec (Pan)
  6 chaos spawn
  7 harpy simulacra
  A naga (Zig:20)
  2 hydra simulacra
  7 orc warriors (Zig:25)
  11 ogres (Zig:25)
  An ettin simulacrum (Coc:5)
  6 laughing skulls (Pan)
  4 brain worms (Pan)
  3 orc priests (Zig:25)
  A jelly (D:5)
  An orc wizard (Zig:25)
  4 hell rats (Hell)
  23 mummies
  4 gnolls
  3 orcs (D:5)
  A quokka (D:5)
  6 aspiring fleshes (Zig:27)
794 creatures vanquished.

Vanquished Creatures (others)
  7 pandemonium lords (Zig:27)
  2 royal mummies
  5 shard shrikes
  3 Killer Klowns
  4 caustic shrikes
  A profane servitor (Tar:7)
  A bone dragon (Tar:6)
  An iron giant (Dis:7)
  A doom hound (Tar:5)
  An Orb Guardian (Zot:5)
  A titan (Coc:7)
  2 tentacled monstrosities
  A sphinx (Zig:18)
  2 Executioners (Pan)
  An ancient champion (Tar:5)
  A storm dragon (Zot:4)
  A shadow dragon (Zig:23)
  A nagaraja (Zig:20)
  A fire giant (Geh:7)
  2 frost giants (Coc:2)
  2 protean progenitors (Zig:27)
  2 draconian knights
  A balrug (Geh:7)
  A reaper (Pan)
  A frost giant (shapeshifter) (Zig:27)
  A draconian scorcher (Zig:13)
  2 ironbound preservers
  2 draconian annihilators
  A draconian stormcaller (Zot:2)
  A ghost moth (Zig:26)
  A broodmother (Zig:26)
  A demonspawn blood saint (Pan)
  A very ugly thing (Zig:23)
  A black draconian (Zot:2)
  A war gargoyle (Dis:7)
  2 demonspawn black suns (Pan)
  A deep elf death mage (Zig:18)
  A putrid mouth (Tar:5)
  2 green draconians
  2 bennus (Tomb:2)
  2 wendigos (Coc:3)
  A purple draconian (Zig:16)
  A vampire knight (Vaults:1)
  A spark wasp (Zig:27)
  An ettin (Zig:14)
  3 mummy priests
  A deep elf high priest (Zig:23)
  A jiangshi (Zig:15)
  2 entropy weavers
  4 salamander tyrants
  3 anacondas
  An alligator (Swamp:4)
  A spriggan skeleton (Tomb:2)
  5 death scarabs
  A ghost crab (Zig:24)
  A two-headed ogre (Zig:25)
  5 hell hogs
  A sun demon (Pan)
  A vampire mage (Zig:15)
  A deep elf knight (Elf:1)
  A soul eater (Pan)
  4 shadow wraiths
  2 sixfirhies (Pan)
  A skeletal warrior (Tomb:3)
  A pharaoh ant (Zig:26)
  A swamp dragon (Zig:24)
  A deep troll (Zig:27)
  A sea snake (shapeshifter) (Zig:27)
  4 orb spiders
  A wolf spider (Zig:26)
  A bog body (Crypt:3)
  A necromancer (Zig:13)
  2 ironbound convokers
  2 moths of wrath
  A salamander (Snake:1)
  A kobold blastminer (Zig:25)
  2 guardian serpents
  An apocalypse crab (Zig:27)
  A meliai (Zig:26)
  A naga mage (Zig:13)
  A black mamba (Zig:20)
  An orange demon (Pan)
  4 hellions
  10 smoke demons
  An ice devil (Pan)
  A tormentor (Pan)
  An iron giant simulacrum (Coc:5)
  4 guardian mummies
  2 bloated husks
  2 hellwings (Pan)
  A tyrant leech (Zig:24)
  A snapping turtle (Zig:27)
  A jumping spider (Zig:26)
  A guardian serpent skeleton (Snake:1)
  A vampire (Crypt:3)
  A dire elephant simulacrum (Coc:7)
  2 vampire mosquitoes (D:12)
  2 neqoxecs (Pan)
  A spatial vortex (Abyss:4)
  A chaos spawn (Pan)
  An ettin simulacrum (Coc:7)
  4 laughing skulls (Pan)
  4 orc warriors (Zig:25)
  2 ogres (Zig:25)
  A small abomination (Abyss:2)
  An orc priest (D:6)
  4 orc wizards
  11 mummies (Zig:22)
  An adder (D:5)
  A gnoll (D:5)
  6 ball lightnings (Zig:27)
  A fire vortex (Geh:5)
  36 foxfires
  4 starspawn tentacles
249 creatures vanquished.

Grand Total: 4890 creatures vanquished

Notes
Turn   | Place    | Note
-------+----------+-------------------------------------------
     0 | D:1      | december12 the Barachi Artificer began the quest for the
                  | Orb.
     0 | D:1      | Reached XP level 1. HP: 15/15 MP: 1/1
   151 | D:1      | Reached XP level 2. HP: 22/22 MP: 2/2
   725 | D:2      | Reached XP level 3. HP: 20/28 MP: 3/3
  1126 | D:2      | You fall into a shaft and drop 1 floor!
  1171 | D:3      | Noticed a scorpion
  1186 | D:3      | Killed a scorpion
  1187 | D:3      | Reached skill level 1 in Long Blades
  1187 | D:3      | Reached XP level 4. HP: 38/38 MP: 4/4
  1570 | D:3      | Found a stormy altar of Qazlal.
  1630 | D:3      | Reached skill level 5 in Fighting
  1630 | D:3      | Reached XP level 5. HP: 44/44 MP: 5/5
  2340 | D:4      | Reached XP level 6. HP: 51/53 MP: 6/6
  2990 | D:5      | Entered Level 5 of the Dungeon
  3106 | D:5      | Reached XP level 7. HP: 35/62 MP: 7/7
  3326 | D:5      | Noticed Sigmund
  3363 | D:5      | Killed Sigmund
  3491 | D:5      | Reached XP level 8. HP: 25/71 MP: 8/8
  3624 | D:5      | Noticed Ijyb
  3634 | D:5      | Killed Ijyb
  3731 | D:5      | Found a staircase to the Ecumenical Temple.
  3776 | Temple   | Found a transporter.
  3776 | Temple   | Found a transporter.
  3776 | Temple   | Found a transporter.
  3776 | Temple   | Found a transporter.
  3776 | Temple   | Entered the Ecumenical Temple
  3800 | Temple   | Became a worshipper of Gozag Ym Sagoz the Greedy
  3926 | D:5      | Found Vygam's Magic Scroll Emporium.
  4314 | D:6      | Reached skill level 5 in Long Blades
  4894 | D:6      | Found a white marble altar of Elyvilon.
  4907 | D:6      | Reached skill level 10 in Fighting
  5188 | D:6      | Reached XP level 9. HP: 64/78 MP: 9/9
  5248 | D:6      | Found an ornate altar of the Wu Jian Council.
  5443 | D:6      | Found a blossoming altar of Fedhas.
  5446 | D:6      | Found a hazy altar of Hepliaklqana.
  5449 | D:6      | Found an ancient bone altar of Kikubaaqudgha.
  5673 | D:7      | Found a sand-covered staircase.
  5700 | Ossuary  | Entered an ossuary
  6280 | D:7      | Found a broken altar of Ashenzari.
  6512 | D:7      | Noticed Maggie
  6521 | D:7      | Killed Maggie
  7050 | D:8      | Reached XP level 10. HP: 87/89 MP: 10/10
  7249 | D:8      | Reached skill level 10 in Long Blades
  7324 | D:8      | Noticed Grum
  7368 | D:8      | Reached skill level 5 in Dodging
  7372 | D:8      | Killed Grum
  7419 | D:8      | Found a transporter.
  7435 | D:8      | Found a transporter.
  7558 | D:8      | Found a hide-covered altar of Uskayaw.
  7974 | D:8      | Found a one-way gate to the infinite horrors of the Abyss.
  7974 | D:8      | Noticed znke's ghost (novice VSSh)
  8455 | D:9      | Noticed a two-headed ogre
  8467 | D:9      | Killed a two-headed ogre
  8578 | D:9      | Found an iron altar of Okawaru.
  8619 | D:9      | Found a snail-covered altar of Cheibriados.
  8723 | D:9      | Reached XP level 11. HP: 98/98 MP: 11/11
  8731 | D:9      | Found a glowing golden altar of the Shining One.
  9047 | D:10     | Entered Level 10 of the Dungeon
  9138 | D:10     | Found Hugeess's Armour Emporium.
  9142 | D:10     | Found a staircase to the Orcish Mines.
  9151 | D:10     | Found Fehic's Weapon Emporium.
  9161 | D:10     | Bought the +4 helmet of Bah Lai {rN+} for 357 gold pieces
  9195 | D:10     | Found a staircase to the Lair.
  9341 | D:10     | Noticed an orc knight
  9357 | D:10     | Killed an orc knight
  9409 | D:10     | Noticed Gastronok
  9434 | D:10     | Noticed a deep elf pyromancer
  9439 | D:10     | Noticed a cyclops
  9442 | D:10     | Killed Gastronok
  9644 | D:9      | Killed a cyclops
  9678 | D:9      | Killed a deep elf pyromancer
  9769 | D:10     | Noticed a green ugly thing
  9828 | D:10     | Killed a brown ugly thing
 10204 | D:11     | Reached XP level 12. HP: 107/107 MP: 12/12
 10337 | D:11     | Noticed Nurvuk's ghost (journeyman CoGl)
 10337 | D:11     | Noticed a minotaur
 10485 | D:11     | Found a radiant altar of Vehumet.
 10582 | D:11     | Found a runed translucent gate.
 10582 | D:11     | Found a runed translucent gate.
 10582 | D:11     | Found a runed translucent gate.
 10810 | D:12     | Found a portal to a secret trove of treasure.
 11388 | D:12     | Noticed Azrael
 11413 | D:12     | Reached skill level 15 in Long Blades
 11417 | D:12     | Killed Azrael
 11782 | D:13     | Identified 2 scrolls of acquirement
 11831 | D:13     | Found a flickering gateway to a bazaar.
 11849 | D:13     | Found a frozen archway.
 11851 | Bazaar   | Entered a bazaar
 11851 | Bazaar   | Found Ozosun's Book Shoppe.
 11851 | Bazaar   | Found Qaecann's Book Boutique.
 11851 | Bazaar   | Found Binuff's Antique Weapon Shoppe.
 11851 | Bazaar   | Found Ziommat's Magic Scroll Shop.
 11852 | Bazaar   | Found Xyrukhev's Distillery.
 11852 | Bazaar   | Found Quewk's Distillery.
 11858 | Bazaar   | Bought a scroll of blinking for 127 gold pieces
 11858 | Bazaar   | Bought a scroll of revelation for 127 gold pieces
 11861 | Bazaar   | Bought a potion of cancellation for 56 gold pieces
 11861 | Bazaar   | Bought a potion of might for 28 gold pieces
 11861 | Bazaar   | Bought a potion of cancellation for 56 gold pieces
 11861 | Bazaar   | Bought a potion of resistance for 70 gold pieces
 11861 | Bazaar   | Bought a potion of enlightenment for 35 gold pieces
 11861 | Bazaar   | Bought a potion of attraction for 21 gold pieces
 11861 | Bazaar   | Bought a potion of enlightenment for 35 gold pieces
 11861 | Bazaar   | Bought a potion of attraction for 21 gold pieces
 11866 | Bazaar   | Bought a potion of degeneration for 10 gold pieces
 11866 | Bazaar   | Bought a potion of attraction for 30 gold pieces
 11866 | Bazaar   | Bought a potion of haste for 100 gold pieces
 11866 | Bazaar   | Bought a potion of curing for 30 gold pieces
 11866 | Bazaar   | Bought a potion of might for 40 gold pieces
 11866 | Bazaar   | Bought a potion of lignification for 30 gold pieces
 11866 | Bazaar   | Bought a potion of might for 40 gold pieces
 11866 | Bazaar   | Bought 2 potions of magic for 160 gold pieces
 11866 | Bazaar   | Bought a potion of mutation for 80 gold pieces
 11866 | Bazaar   | Bought a potion of magic for 80 gold pieces
 11866 | Bazaar   | Bought a potion of cancellation for 80 gold pieces
 11872 | Bazaar   | Acquired 796 gold pieces
 11874 | Bazaar   | Bought Sif Muna's Almanac of Flinty Graupel for 414 gold
                  | pieces
 11879 | Bazaar   | Bought a book of Vapours for 286 gold pieces
 11896 | D:13     | Noticed a tengu warrior
 11897 | D:13     | Noticed a tengu warrior
 11899 | IceCv    | Entered an ice cave
 12037 | IceCv    | Learned a level 3 spell: Frozen Ramparts
 12041 | IceCv    | Learned a level 3 spell: Ozocubu's Armour
 12047 | IceCv    | Learned a level 5 spell: Freezing Cloud
 12070 | IceCv    | Found an ancient bone altar of Kikubaaqudgha.
 12076 | IceCv    | Reached skill level 15 in Fighting
 12076 | IceCv    | Reached skill level 1 in Ice Magic
 12133 | IceCv    | Reached skill level 1 in Conjurations
 12133 | IceCv    | Reached skill level 1 in Air Magic
 12211 | IceCv    | Reached skill level 1 in Spellcasting
 12318 | IceCv    | HP: 1/109 [three-headed hydra simulacrum (37)]
 12435 | IceCv    | Gained mutation: You can hop long distances. [Barachi
                  | growth]
 12435 | IceCv    | Reached XP level 13. HP: 115/115 MP: 15/15
 12723 | IceCv    | Reached skill level 10 in Dodging
 13030 | IceCv    | Identified the ring "Sotsalef" {rF+ rN+ rCorr Str-3 Int+3}
 13131 | IceCv    | Learned a level 3 spell: Mephitic Cloud
 13264 | D:13     | Reached skill level 5 in Ice Magic
 13681 | D:13     | Noticed Snorg
 13702 | D:13     | Killed Snorg
 14213 | D:13     | Noticed a vault guard
 14224 | D:13     | Killed a vault guard
 14262 | D:13     | Found a gate to the Vaults.
 15358 | D:14     | Reached XP level 14. HP: 115/123 MP: 14/20
 15547 | D:14     | Found a blossoming altar of Fedhas.
 16129 | D:15     | Entered Level 15 of the Dungeon
 16571 | D:15     | Reached skill level 5 in Conjurations
 16571 | D:15     | Reached skill level 5 in Air Magic
 16778 | D:15     | Found a staircase to the Depths.
 16863 | D:15     | Found Wucesch's Jewellery Emporium.
 16866 | D:15     | Bought a granite talisman for 660 gold pieces
 17090 | Lair:1   | Entered Level 1 of the Lair of Beasts
 17118 | Lair:1   | Reached skill level 1 in Shapeshifting
 18278 | Lair:2   | Found a staircase to the Swamp.
 18737 | Lair:3   | Reached skill level 5 in Shapeshifting
 19216 | Lair:3   | Found a staircase to the Snake Pit.
 19675 | Lair:4   | Reached XP level 15. HP: 112/129 MP: 22/22
 20162 | Lair:4   | Found a staircase to the Slime Pits.
 20170 | Lair:4   | Found a viscous altar of Jiyva.
 20463 | Lair:5   | Entered Level 5 of the Lair of Beasts
 21231 | Lair:5   | Reached skill level 10 in Shapeshifting
 21662 | Lair:5   | Found a corrupted altar of Lugonu.
 22210 | Orc:1    | Entered Level 1 of the Orcish Mines
 22316 | Orc:2    | Entered Level 2 of the Orcish Mines
 23121 | Orc:2    | Found Cutoan's Armour Shop.
 23122 | Orc:2    | Found Nyorill's Antique Armour Emporium.
 23122 | Orc:2    | Found Qimade's Antique Weapon Boutique.
 23237 | Orc:2    | Found a staircase to the Elven Halls.
 23306 | Orc:2    | Found Haimuunk's Jewellery Shoppe.
 23597 | D:11     | Killed Nurvuk's ghost
 23823 | Snake:1  | Entered Level 1 of the Snake Pit
 23869 | Snake:1  | Reached XP level 16. HP: 123/136 MP: 14/23
 24581 | Snake:2  | Noticed a nagaraja
 24602 | Snake:2  | Killed a nagaraja
 24617 | Snake:2  | Reached skill level 15 in Shapeshifting
 24843 | Snake:2  | Noticed a nagaraja
 24856 | Snake:2  | Killed a nagaraja
 25278 | Snake:3  | Reached skill level 5 in Spellcasting
 27260 | Snake:4  | Entered Level 4 of the Snake Pit
 27263 | Snake:4  | Noticed a nagaraja
 27269 | Snake:4  | Killed a nagaraja
 27297 | Snake:4  | Reached XP level 17. HP: 142/142 MP: 8/25
 27445 | Snake:4  | Reached skill level 10 in Ice Magic
 27860 | Snake:4  | Noticed Vashnia
 27878 | Snake:4  | Killed Vashnia
 28699 | Snake:4  | Got a serpentine rune of Zot
 28905 | Swamp:1  | Entered Level 1 of the Swamp
 29591 | Swamp:2  | Reached XP level 18. HP: 148/149 MP: 18/29
 29941 | Swamp:2  | Noticed Frances
 29951 | Swamp:2  | Killed Frances
 30202 | Swamp:2  | Learned a level 5 spell: Silence
 30239 | Swamp:3  | Reached skill level 1 in Hexes
 30683 | Swamp:3  | Found a glowing silver altar of Zin.
 30998 | Swamp:4  | Entered Level 4 of the Swamp
 31755 | Swamp:4  | Got a decaying rune of Zot
 31766 | Swamp:4  | Learned a level 7 spell: Ozocubu's Refrigeration
 32011 | Elf:1    | Entered Level 1 of the Elven Halls
 32050 | Elf:1    | Reached skill level 10 in Air Magic
 32322 | Elf:1    | Reached skill level 5 in Hexes
 32322 | Elf:1    | Paralysed by an air elemental for 1 turns
 32326 | Elf:1    | Paralysed by an air elemental for 1 turns
 32330 | Elf:1    | Paralysed by an air elemental for 1 turns
 32604 | Elf:1    | Reached XP level 19. HP: 117/155 MP: 20/32
 32784 | Elf:1    | Reached skill level 10 in Spellcasting
 32825 | Elf:1    | Reached skill level 15 in Ice Magic
 33493 | Elf:2    | Noticed Jorgrun
 33610 | Elf:2    | Killed Jorgrun
 33734 | Elf:2    | Found a runed translucent gate.
 33735 | Elf:2    | Found a runed translucent gate.
 33735 | Elf:2    | Found a runed translucent gate.
 33843 | Elf:2    | Found Plog's Assorted Antiques.
 33848 | Elf:2    | Bought a scroll of vulnerability for 132 gold pieces
 33848 | Elf:2    | Bought a wand of roots (4) for 316 gold pieces
 33848 | Elf:2    | Bought 3 scrolls of immolation for 396 gold pieces
 33848 | Elf:2    | Bought a potion of curing for 99 gold pieces
 33848 | Elf:2    | Bought a scroll of teleportation for 99 gold pieces
 34107 | Elf:3    | Entered Level 3 of the Elven Halls
 34166 | Elf:3    | Paralysed by an air elemental for 1 turns
 34169 | Elf:3    | Paralysed by an air elemental for 1 turns
 34494 | Elf:3    | Found Lituan Zecoj's Jewellery Boutique.
 34576 | Elf:3    | Paralysed by an air elemental for 1 turns
 35256 | Abyss:2  | Cast into level 2 of the Abyss (a deep elf sorcerer)
 35486 | Abyss:2  | Found a corrupted altar of Lugonu.
 35494 | Abyss:2  | Found a corrupted altar of Lugonu.
 35494 | Abyss:2  | Found a corrupted altar of Lugonu.
 35636 | Abyss:2  | Found a corrupted altar of Lugonu.
 35802 | Elf:3    | Escaped the Abyss
 35809 | Elf:3    | Reached skill level 15 in Dodging
 36071 | Elf:3    | Reached XP level 20. HP: 162/162 MP: 33/36
 36201 | Elf:3    | Identified the ring of Happiness {Wiz rCorr Dex-4 Stlth+}
 36255 | Elf:3    | Identified the amulet of Qyore {Acrobat -Tele rC+ Int+2
                  | Dex+6}
 36259 | Elf:3    | Identified the +4 scimitar "Ostapau" {venom, Dex+7}
 36259 | Elf:3    | Identified the ring of Hitur {rPois rF+ rN+ Slay+4}
 36301 | Elf:3    | Identified the +9 quarterstaff "Ynoevoz" {holy, *Corrode
                  | rPois rF+ rC+}
 36392 | Elf:3    | Identified the ring "Coloc" {rC+ MP+9 Int+3 Slay+3}
 36419 | Elf:3    | Identified the ring of Jirass {+Blink Will- Str-2 Int+8
                  | Dex+6}
 36508 | Elf:3    | Identified the staff "Xodas" {^Fragile rF+ rN+ Stlth+ Necro
                  | Air}
 36549 | Elf:3    | Identified the dragon-blood talisman of Xom's Benevolence
                  | {rC+ Int+2 SInv Stlth+}
 36669 | Elf:3    | Got Butiarr's Commentary on Polluted Gloom
 37820 | D:8      | Killed znke's ghost
 38042 | D:13     | Acquired the +7 double sword of Fuytik {protect, Int+7}
 38048 | Vaults:1 | Entered Level 1 of the Vaults
 38096 | Vaults:1 | Found Ryqeggal's Distillery.
 38128 | Vaults:1 | Bought a potion of mutation for 104 gold pieces
 38128 | Vaults:1 | Bought a potion of heal wounds for 65 gold pieces
 38128 | Vaults:1 | Bought 2 potions of enlightenment for 130 gold pieces
 38128 | Vaults:1 | Bought a potion of attraction for 39 gold pieces
 38128 | Vaults:1 | Bought a potion of heal wounds for 65 gold pieces
 38128 | Vaults:1 | Bought a potion of heal wounds for 65 gold pieces
 38503 | Vaults:1 | Got the Volume of the Saturnine Jaunt
 38770 | Vaults:1 | Reached XP level 21. HP: 168/168 MP: 39/39
 38851 | Vaults:1 | Reached skill level 10 in Hexes
 39445 | Abyss:3  | Cast into level 3 of the Abyss (a ghostly deep elf
                  | sorcerer)
 39484 | Abyss:3  | Reached skill level 15 in Spellcasting
 39511 | Abyss:4  | Noticed an ancient lich
 39519 | Vaults:2 | Escaped the Abyss
 39634 | Vaults:2 | Found a crumbling gateway.
 39635 | Vaults:2 | Found a glowing golden altar of the Shining One.
 39635 | Vaults:2 | Found a glowing silver altar of Zin.
 39635 | Vaults:2 | Found a white marble altar of Elyvilon.
 39670 | Desolati | Entered the Desolation of Salt
 40041 | Desolati | Identified the +11 hand axe "Arbiter" {freeze, rCorr Int+4
                  | Stlth+}
 40219 | Desolati | Identified the ring of Dishonesty {Ice rElec Int-5 Stlth+}
 40409 | Desolati | Identified the +5 plate armour of Bituad {Str+3 Dex+6}
 40411 | Desolati | Got the Collected Works on Shades
 40434 | Desolati | Identified the ring "Locusiet" {rC+ Int+7}
 40532 | Desolati | Identified the +5 ring mail "Naosof" {+Inv rElec}
 40692 | Desolati | Identified the ring "Dyggag" {Fly Int-5 Dex+4}
 41014 | Vaults:2 | Learned a level 9 spell: Polar Vortex
 41017 | Vaults:2 | Learned a level 2 spell: Lesser Beckoning
 41051 | Vaults:2 | Reached XP level 22. HP: 175/175 MP: 34/42
 41069 | Vaults:2 | Identified the +5 spear of Cocytus {holy, rC+ Dex+3}
 41130 | Vaults:2 | Found Watyl's Book Shop.
 42368 | Vaults:3 | Noticed Mara
 42378 | Vaults:3 | Noticed december12's illusion
 42382 | Vaults:3 | Killed Mara
 43021 | Vaults:3 | Found a staircase to the Crypt.
 43605 | Vaults:4 | Noticed Jory
 43631 | Vaults:4 | Killed Jory
 43870 | Vaults:4 | Reached XP level 23. HP: 181/181 MP: 40/44
 43947 | Vaults:4 | Found a runed translucent door.
 43974 | Vaults:4 | Found Yruarch's Distillery.
 43974 | Vaults:4 | Found Amupnix's Jewellery Boutique.
 43990 | Vaults:4 | Bought a potion of curing for 57 gold pieces
 43990 | Vaults:4 | Bought a potion of ambrosia for 152 gold pieces
 43990 | Vaults:4 | Bought a potion of mutation for 152 gold pieces
 43990 | Vaults:4 | Bought 2 potions of magic for 304 gold pieces
 43990 | Vaults:4 | Bought a potion of curing for 57 gold pieces
 43990 | Vaults:4 | Bought a potion of heal wounds for 95 gold pieces
 43990 | Vaults:4 | Bought a potion of curing for 57 gold pieces
 44028 | Vaults:4 | Found Gecenitt's Distillery.
 44032 | Vaults:4 | Bought 2 potions of ambrosia for 240 gold pieces
 44032 | Vaults:4 | Bought a potion of curing for 45 gold pieces
 44032 | Vaults:4 | Bought a potion of heal wounds for 75 gold pieces
 44032 | Vaults:4 | Bought a potion of invisibility for 120 gold pieces
 44032 | Vaults:4 | Bought a potion of brilliance for 60 gold pieces
 44032 | Vaults:4 | Bought 2 potions of heal wounds for 150 gold pieces
 44032 | Vaults:4 | Bought a potion of curing for 45 gold pieces
 44049 | Vaults:4 | Found Xufasat's Book Emporium.
 44059 | Vaults:4 | Bought a manual of Air Magic for 1680 gold pieces
 44814 | Vaults:4 | Bought a potion of magic for 152 gold pieces
 44875 | Vaults:5 | Entered Level 5 of the Vaults
 45104 | Vaults:5 | Noticed a dread lich
 45186 | Vaults:5 | Paralysed by a dread lich for 4 turns
 45256 | Vaults:4 | Killed a dread lich
 45644 | Vaults:5 | Identified the +11 war axe of the Growing Sybil {flame,
                  | rPois Int+2}
 45742 | Vaults:5 | Noticed an ancient lich
 45753 | Vaults:4 | Killed an ancient lich
 45992 | Vaults:5 | Identified the amulet "Xemi" {Acrobat ^Contam Rampage Str+5
                  | Dex-5}
 46191 | Vaults:5 | Identified the staff "Wothocus" {rN+ Stlth+ Necro}
 46265 | Vaults:5 | Got a silver rune of Zot
 46586 | Vaults:5 | Reached XP level 24. HP: 154/188 MP: 38/46
 46685 | Vaults:5 | Identified the +0 robe of Numen {rPois Int+3}
 46752 | Vaults:5 | Learned a level 5 spell: Yara's Violent Unravelling
 46761 | Vaults:5 | Got the Volume of Damage
 46784 | Vaults:5 | Identified the staff of Edocuacs {MP+9 Int+2 Dex-4 Fire
                  | Earth}
 47009 | Vaults:5 | Learned a level 7 spell: Enfeeble
 47014 | Vaults:5 | Learned a level 4 spell: Passage of Golubria
 47020 | Vaults:5 | Learned a level 5 spell: Irradiate
 47020 | Vaults:5 | Acquired the ring "Polly" {Fly rF+ rC+ rCorr}
 47406 | Crypt:1  | Entered Level 1 of the Crypt
 47990 | Crypt:1  | Identified the +6 falchion of Invincibility {drain, Int+6
                  | Dex+2}
 48738 | Crypt:3  | Entered Level 3 of the Crypt
 48777 | Crypt:3  | Identified the ring "Boeckikh" {Ice Str-4 Dex+2 Slay+3
                  | SInv}
 48777 | Crypt:3  | Noticed Josephina
 48795 | Crypt:3  | Killed Josephina
 49029 | Crypt:3  | Noticed a dread lich
 49035 | Crypt:3  | Killed a dread lich
 49343 | Crypt:3  | Found a staircase to the Tomb.
 49561 | Crypt:3  | Noticed an ancient lich
 49572 | Crypt:3  | Killed an ancient lich
 49866 | Crypt:3  | Identified the +5 falchion of the Swamp {distort, rC+
                  | rCorr}
 49877 | Crypt:3  | Noticed Bai Suzhen
 49889 | Crypt:3  | Killed Bai Suzhen
 49890 | Crypt:3  | Reached XP level 25. HP: 154/194 MP: 24/48
 50101 | Crypt:3  | Found a basalt altar of Yredelemnul.
 50104 | Crypt:3  | Found an ancient bone altar of Kikubaaqudgha.
 50525 | Depths:1 | Entered Level 1 of the Depths
 50595 | Depths:1 | Noticed Nikola
 50610 | Depths:1 | Killed Nikola
 50747 | Depths:1 | Found a gateway to Hell.
 50860 | Depths:1 | Found the +8 Vampire's Tooth {megavamp}
 51200 | Depths:1 | Found a shimmering altar of Xom.
 51294 | Depths:1 | Reached skill level 5 in Armour
 51538 | Depths:2 | Noticed a juggernaut
 51547 | Depths:2 | Killed a juggernaut
 51634 | Depths:2 | Identified the +10 sling of Foolhardiness {heavy, +Blink
                  | Str+5}
 51642 | Depths:2 | Got the Papyrus of Bleak Outbursts
 51643 | Depths:2 | Identified the +2 scimitar of Disorder {flame, Will- rCorr
                  | Int+5}
 52027 | Depths:2 | Found Jibbiuty's Jewellery Shop.
 52494 | Depths:2 | Found a one-way gate leading to the halls of Pandemonium.
 52634 | Depths:3 | Got the Enchiridion on Mortification
 52704 | Depths:3 | Identified the orb of the Vacuum {*channel, Rampage MP+9}
 52704 | Depths:3 | Noticed Frederick
 52717 | Depths:3 | Killed Frederick
 52964 | Depths:3 | Found a burning altar of Makhleb.
 53156 | Depths:3 | Found an opulent altar of Gozag.
 53229 | Depths:3 | Found a corrupted altar of Lugonu.
 53350 | Depths:3 | Identified the +0 flail of the Middle {freeze, rN+ Stlth+}
 53584 | Depths:3 | Reached XP level 26. HP: 201/201 MP: 49/49
 53635 | Depths:3 | Identified the +9 demon whip of Eternal Vigilance {drain,
                  | *Corrode rN++ Str+2}
 53695 | Depths:3 | Reached skill level 10 in Armour
 53851 | Depths:4 | Entered Level 4 of the Depths
 54283 | Depths:4 | Found Kaqosh's Weapon Boutique.
 54353 | Depths:4 | Found a one-way gateway to a ziggurat.
 54762 | Depths:4 | Found a gate to the Realm of Zot.
 54997 | D:15     | Bought a talisman of death for 880 gold pieces
 55133 | Orc:2    | Bought a pair of glowing boots for 307 gold pieces
 55278 | D:15     | Bought a runed cloak for 240 gold pieces
 56455 | Slime:1  | Entered Level 1 of the Pits of Slime
 58602 | Slime:4  | Found a viscous altar of Jiyva.
 59525 | Slime:5  | Entered Level 5 of the Pits of Slime
 59747 | Slime:5  | Reached XP level 27. HP: 198/207 MP: 44/49
 59785 | Slime:5  | Noticed the Royal Jelly
 59792 | Slime:5  | Killed the Royal Jelly
 60042 | Slime:5  | Reached skill level 15 in Armour
 60049 | Slime:5  | Identified the ring of Nemelex Xobeh, Chewing {Fire rN+
                  | Str+2 Int-5}
 60066 | Slime:5  | Acquired 1086 gold pieces
 60182 | Slime:5  | Identified the ring of Soejom {rF+ rN+ Int+3 Dex+2}
 60190 | Slime:5  | Identified the +2 leather armour "Wumyoth" {rPois rCorr
                  | Dex+3}
 60193 | Slime:5  | Identified the ring "Bierghomm" {rPois Will+ MP+9}
 60300 | Slime:5  | Got a slimy rune of Zot
 60309 | Slime:5  | Identified the ring "Xoshrak" {rC+ Int+3}
 60320 | Slime:5  | Identified the +2 robe of the Amoeba {^Drain +Blink Regen+}
 60688 | Lair:5   | Voluntarily entered the Abyss.
 60709 | Abyss:4  | Found a corrupted altar of Lugonu.
 60716 | Abyss:4  | Got an abyssal rune of Zot
 60740 | Abyss:4  | Found a corrupted altar of Lugonu.
 60745 | Lair:5   | Escaped the Abyss
 61061 | D:12     | You showed the abyssal rune of Zot to enter a treasure
                  | trove
 61062 | Trove    | Entered a treasure trove
 61115 | Trove    | Identified the +9 shortbow "Buaskum" {heavy, +Blink rPois}
 61120 | Trove    | Identified the +1 triple sword of the Equinox {freeze,
                  | Str+3}
 61123 | Trove    | Found the +3 warlock's mirror {omnireflect}
 61140 | Trove    | Found the +3 pair of mountain boots {steadfast, rC+}
 61143 | Trove    | Got the Incunable of the Volley
 61145 | Trove    | Identified the amulet "Dealahal" {Faith rF- Str+5 Dex+3}
 61154 | Trove    | Identified the ring of the Ban {rF- rC+ Dex+4}
 61821 | Depths:4 | Learned a level 8 spell: Discord
 61827 | Depths:4 | Learned a level 1 spell: Apportation
 61832 | Depths:4 | Learned a level 4 spell: Vhi's Electric Charge
 61841 | Depths:4 | Learned a level 8 spell: Maxwell's Capacitive Coupling
 61845 | Zig:1    | Entered Level 1 of a ziggurat
 61852 | Zig:1    | Reached skill level 1 in Translocations
 61852 | Zig:1    | Reached skill level 1 in Alchemy
 61867 | Zig:2    | Entered Level 2 of a ziggurat
 61893 | Zig:2    | Identified the staff of Gloom {rN+ rCorr Str-2 Dex+3 Necro}
 61896 | Zig:3    | Entered Level 3 of a ziggurat
 61898 | Zig:3    | Noticed Yloedy the pandemonium lord
 61904 | Zig:3    | Killed Yloedy the pandemonium lord
 61924 | Zig:4    | Entered Level 4 of a ziggurat
 61947 | Zig:4    | Identified the ring of Vewoosuo {Wiz rPois rF- Dex+3 SInv}
 61956 | Zig:5    | Entered Level 5 of a ziggurat
 62003 | Zig:5    | Identified the +8 triple sword of Xom's Pride {heavy, rElec
                  | MP+9 Int+5}
 62030 | Zig:6    | Entered Level 6 of a ziggurat
 62037 | Zig:6    | Paralysed by an air elemental for 1 turns
 62076 | Zig:6    | Identified the +2 long sword "Vuat" {flame, *Corrode Int+7}
 62078 | Zig:6    | Identified the +8 morningstar "Vusiz" {flame, Fly rElec
                  | Will+}
 62098 | Zig:7    | Entered Level 7 of a ziggurat
 62109 | Zig:7    | Reached skill level 15 in Hexes
 62132 | Zig:7    | Identified the +8 scimitar "Pudeontiu" {vamp, rPois rCorr}
 62140 | Zig:7    | Identified the staff of Extremism {^Fragile rPois rC+ Fire
                  | Ice}
 62141 | Zig:7    | Identified the +0 robe "Ylenneto" {rPois rF+ Archmagi}
 62149 | Zig:8    | Entered Level 8 of a ziggurat
 62161 | Zig:8    | Reached skill level 5 in Translocations
 62161 | Zig:8    | Reached skill level 5 in Alchemy
 62188 | Zig:8    | Identified the +5 war axe "Pendulum" {spect, rCorr Dex+4}
 62189 | Zig:8    | Identified the ring of Jojead {*Corrode rElec rPois rF+}
 62194 | Zig:8    | Identified the +6 scale mail of Kegargh {rElec rCorr}
 62197 | Zig:8    | Identified the ring of Douxeco {rC+ rCorr}
 62201 | Zig:8    | Identified the +3 leather armour of Honour {*Corrode rElec
                  | Dex+2 SInv}
 62204 | Zig:9    | Entered Level 9 of a ziggurat
 62211 | Zig:9    | Noticed Qacer the pandemonium lord
 62224 | Zig:9    | Killed Qacer the pandemonium lord
 62342 | Zig:9    | Identified the +3 scimitar of Tomorrow {pain, rPois}
 62369 | Zig:10   | Entered Level 10 of a ziggurat
 62412 | Zig:10   | Identified the +2 sling of Idabatue {antimagic, *Corrode
                  | rElec rPois Will+}
 62462 | Zig:10   | Learned a level 4 spell: Manifold Assault
 62466 | Zig:11   | Entered Level 11 of a ziggurat
 62547 | Zig:11   | Identified the staff of Kieck {rF+ rN+ Will++ Hexes Necro}
 62553 | Zig:11   | Identified the +4 orcbow of Agony {flame, rC+ Dex+2}
 62572 | Zig:12   | Entered Level 12 of a ziggurat
 62643 | Zig:12   | Identified the ring "Vearixtu" {rPois rC++ MP+9}
 62685 | Zig:13   | Entered Level 13 of a ziggurat
 62725 | Zig:13   | Identified the staff of Joyful Slaughter {SInv Conj}
 62734 | Zig:13   | Got the Catalogue of Blows
 62735 | Zig:13   | Identified the +7 quarterstaff of the Trees {holy, rElec
                  | rF- rN+ Will+}
 62744 | Zig:13   | Identified the +2 leather armour "Teadij" {MP+9}
 62807 | Zig:14   | Entered Level 14 of a ziggurat
 62818 | Zig:14   | Noticed an ancient lich
 62819 | Zig:14   | Noticed a dread lich
 62820 | Zig:14   | Noticed a dread lich
 62821 | Zig:14   | Killed an ancient lich
 62825 | Zig:14   | Killed a dread lich
 62827 | Zig:14   | Killed a dread lich
 62862 | Zig:14   | Found the +7 sceptre of Torment {pain, torment}
 62877 | Zig:14   | Identified the +6 plate armour of the Desert {Str+5 Stlth+}
 62888 | Zig:14   | Identified the staff "Lusygof" {rElec rF++ rCorr Int-3 Summ
                  | Air}
 62892 | Zig:14   | Acquired 1149 gold pieces
 62905 | Zig:15   | Entered Level 15 of a ziggurat
 62914 | Zig:15   | Noticed a dread lich
 62921 | Zig:15   | Killed a dread lich
 63007 | Zig:15   | Reached skill level 15 in Air Magic
 63018 | Zig:16   | Entered Level 16 of a ziggurat
 63093 | Zig:16   | Identified the ring "Motzigoq" {*Corrode rF+ Int+2 Dex+4}
 63144 | Zig:17   | Entered Level 17 of a ziggurat
 63218 | Zig:17   | Identified the staff of Drought {rPois Int+2 Dex-3 Stlth+
                  | Air Alchemy}
 63228 | Zig:17   | Identified the ring "Patad" {Fly AC+4 Int+3 Slay+2}
 63236 | Zig:17   | Identified the +8 morningstar of Neimp {freeze, +Blink MP+9
                  | Stlth+}
 63237 | Zig:17   | Identified the staff "Munky" {rN+ Str+5 Int-5 Necro}
 63295 | Zig:18   | Entered Level 18 of a ziggurat
 63305 | Zig:18   | Noticed an ancient lich
 63305 | Zig:18   | Noticed a dread lich
 63305 | Zig:18   | Noticed a dread lich
 63306 | Zig:18   | Noticed an ancient lich
 63307 | Zig:18   | Noticed a dread lich
 63311 | Zig:18   | Killed a dread lich
 63313 | Zig:18   | Killed an ancient lich
 63313 | Zig:18   | Killed a dread lich
 63313 | Zig:18   | Killed a dread lich
 63319 | Zig:18   | Killed an ancient lich
 63379 | Zig:18   | Identified the ring "Zixuudghya" {AC+4 Int+2 Dex+3 Stlth+}
 63383 | Zig:18   | Identified the ring of Efuamayguf {rF+ Str+6}
 63386 | Zig:18   | Identified the +9 short sword of Geuz {flame, rPois Int+6}
 63391 | Zig:18   | Identified the staff of the Warrior {rElec rC+ Dex+3 Ice}
 63413 | Zig:19   | Entered Level 19 of a ziggurat
 63520 | Zig:19   | Identified the +2 mace "Wafefoc" {heavy, rElec rF- Str+3
                  | Int+2}
 63533 | Zig:19   | Identified the +0 eveningstar of the Special Lives {holy,
                  | rPois Will+}
 63550 | Zig:19   | Identified the +3 chain mail of Levity {rPois Str+2 Int+3}
 63560 | Zig:20   | Entered Level 20 of a ziggurat
 63682 | Zig:20   | Identified the ring of Zoalei {rF+ rCorr}
 63693 | Zig:20   | Identified the +7 spear of Modesty {heavy, rPois rC- rN+}
 63715 | Zig:20   | Identified the +1 battleaxe of the Soothsayer {drain, rElec
                  | rPois rCorr Str-5}
 63726 | Zig:21   | Entered Level 21 of a ziggurat
 63734 | Zig:21   | Paralysed by an air elemental for 1 turns
 63751 | Zig:21   | Paralysed by an air elemental for 1 turns
 63844 | Zig:21   | Identified the +2 sling of the Everdark {heavy, rElec Will+
                  | Dex+3}
 63852 | Zig:21   | Identified the ring "Soacaigi" {^Contam rPois rN+ rCorr
                  | Int+3}
 63855 | Zig:21   | Identified the +5 scimitar of Indomitability {holy, Dex+2}
 63870 | Zig:21   | Identified the +11 flail "Zahex" {freeze, rCorr}
 63938 | Zig:22   | Entered Level 22 of a ziggurat
 63944 | Zig:22   | Noticed a royal mummy
 63944 | Zig:22   | Noticed a royal mummy
 63949 | Zig:22   | Noticed a royal mummy
 63949 | Zig:22   | Noticed a royal mummy
 63950 | Zig:22   | Noticed a royal mummy
 63950 | Zig:22   | Noticed a royal mummy
 63951 | Zig:22   | Noticed a royal mummy
 63952 | Zig:22   | Noticed a royal mummy
 63953 | Zig:22   | Noticed a royal mummy
 63956 | Zig:22   | Noticed a royal mummy
 63973 | Zig:22   | Killed a royal mummy
 63978 | Zig:22   | Killed a royal mummy
 63982 | Zig:22   | Killed a royal mummy
 63984 | Zig:22   | Killed a royal mummy
 63984 | Zig:22   | Killed a royal mummy
 63988 | Zig:22   | Killed a royal mummy
 63988 | Zig:22   | Killed a royal mummy
 63989 | Zig:22   | Killed a royal mummy
 63989 | Zig:22   | Killed a royal mummy
 63990 | Zig:22   | Killed a royal mummy
 63990 | Zig:22   | HP: 8/282 [something (21)]
 64219 | Zig:22   | Identified the +0 pair of boots "Puppi" {rElec rF+}
 64225 | Zig:22   | Identified the +1 plate armour of Ripull {*Slow rN++ Will-
                  | Int+2}
 64385 | Zig:23   | Entered Level 23 of a ziggurat
 64391 | Zig:23   | Noticed an ancient lich
 64391 | Zig:23   | Noticed a dread lich
 64393 | Zig:23   | Noticed an ancient lich
 64394 | Zig:23   | Noticed an ancient lich
 64395 | Zig:23   | Killed a dread lich
 64396 | Zig:23   | Noticed an ancient lich
 64396 | Zig:23   | Noticed an ancient lich
 64397 | Zig:23   | Noticed an ancient lich
 64397 | Zig:23   | Noticed an ancient lich
 64398 | Zig:23   | Noticed a dread lich
 64398 | Zig:23   | Noticed an ancient lich
 64400 | Zig:23   | Killed a dread lich
 64402 | Zig:23   | Killed an ancient lich
 64405 | Zig:23   | Killed an ancient lich
 64406 | Zig:23   | Killed an ancient lich
 64408 | Zig:23   | Killed an ancient lich
 64408 | Zig:23   | Killed an ancient lich
 64408 | Zig:23   | Killed an ancient lich
 64412 | Zig:23   | Killed an ancient lich
 64416 | Zig:23   | Killed an ancient lich
 64610 | Zig:23   | Identified the +1 sling of True Grit {freeze, *Slow +Blink
                  | rC+ rN+++}
 64611 | Zig:23   | Identified the +7 shortbow of the Pyrrhic Victory
                  | {antimagic, rPois Str-4 Dex-5 Stlth+}
 64668 | Zig:24   | Entered Level 24 of a ziggurat
 64742 | Zig:24   | Found the +8 whip "Snakebite" {venom, curare, rPois}
 64793 | Zig:24   | Identified the staff of the Present {MP-9 Str+3 Conj Fire
                  | Earth}
 64800 | Zig:24   | Identified the ring "Lastruu" {Wiz Fly rPois rC+}
 64814 | Zig:24   | Identified the +8 orcbow of Bodily Harmony {heavy, rN+
                  | Str+3 Stlth+}
 64817 | Zig:24   | Identified the staff "Wepry" {rPois rF+ Necro Alchemy}
 64819 | Zig:24   | Identified the +7 dagger "Jytzoyss" {vamp, rPois rF- Dex+3}
 64820 | Zig:24   | Identified the amulet "Ijoitaxu" {Acrobat rN+ Regen+}
 64907 | Zig:25   | Entered Level 25 of a ziggurat
 65048 | Zig:25   | Got the Directory of the Fluctuating Deep Freeze
 65051 | Zig:25   | Identified the +6 dagger "Obuadinoa" {elec, rElec Int+5
                  | Stlth-}
 65053 | Zig:25   | Identified the +9 glaive of Extremism {drain, rElec rC-
                  | Int+4}
 65056 | Zig:25   | Identified the +2 flail "Zegop" {holy, rElec}
 65061 | Zig:25   | Identified the +2 halberd of Extermination {freeze, rPois
                  | Dex+2}
 65161 | Zig:26   | Entered Level 26 of a ziggurat
 65180 | Zig:26   | Found the +8 longbow "Zephyr" {speed, Dex+3 SInv}
 65335 | Zig:26   | Identified the +0 hat of Dyilyuff {Fly rCorr}
 65351 | Zig:26   | Identified the +0 pair of gloves "Vonedyi" {Harm rN+ Int-5
                  | Dex+3}
 65358 | Zig:26   | Identified the +6 shortbow of Feateas {drain, Will+ Int+2}
 65431 | Zig:27   | Entered Level 27 of a ziggurat
 65437 | Zig:27   | Noticed Redi the pandemonium lord
 65437 | Zig:27   | Noticed Eproq the pandemonium lord
 65438 | Zig:27   | Noticed Kemmofud the pandemonium lord
 65438 | Zig:27   | Noticed Taheykh the pandemonium lord
 65441 | Zig:27   | Noticed Veam the pandemonium lord
 65442 | Zig:27   | Noticed Keuty the pandemonium lord
 65442 | Zig:27   | Noticed Fepri the pandemonium lord
 65447 | Zig:27   | Killed Taheykh the pandemonium lord
 65448 | Zig:27   | Noticed Roggos the pandemonium lord
 65448 | Zig:27   | Noticed Suysokaeza the pandemonium lord
 65448 | Zig:27   | Noticed Gumej the pandemonium lord
 65448 | Zig:27   | Noticed Xytuzxa the pandemonium lord
 65448 | Zig:27   | Noticed Nevadon the pandemonium lord
 65448 | Zig:27   | Noticed Acradah the pandemonium lord
 65448 | Zig:27   | Noticed Suacwu the pandemonium lord
 65448 | Zig:27   | Noticed Vaneun the pandemonium lord
 65448 | Zig:27   | Noticed Sitaulia the pandemonium lord
 65448 | Zig:27   | Noticed Qut Ono the pandemonium lord
 65448 | Zig:27   | Killed Fepri the pandemonium lord
 65450 | Zig:27   | Killed Redi the pandemonium lord
 65452 | Zig:27   | Killed Qut Ono the pandemonium lord
 65453 | Zig:27   | Killed Suysokaeza the pandemonium lord
 65456 | Zig:27   | Killed Veam the pandemonium lord
 65457 | Zig:27   | Killed Acradah the pandemonium lord
 65458 | Zig:27   | Killed Nevadon the pandemonium lord
 65458 | Zig:27   | Killed Gumej the pandemonium lord
 65461 | Zig:27   | Killed Garotiomn the pandemonium lord
 65462 | Zig:27   | Killed Keuty the pandemonium lord
 65463 | Zig:27   | Killed Suacwu the pandemonium lord
 65464 | Zig:27   | Killed Kemmofud the pandemonium lord
 65465 | Zig:27   | Killed Roggos the pandemonium lord
 65466 | Zig:27   | Noticed Havew the pandemonium lord
 65467 | Zig:27   | Killed Vaneun the pandemonium lord
 65467 | Zig:27   | Noticed Mouk Rie the pandemonium lord
 65469 | Zig:27   | Killed Sitaulia the pandemonium lord
 65469 | Zig:27   | Killed Xytuzxa the pandemonium lord
 65473 | Zig:27   | Killed Eproq the pandemonium lord
 65473 | Zig:27   | Killed Mouk Rie the pandemonium lord
 65476 | Zig:27   | Killed Havew the pandemonium lord
 65593 | Zig:27   | Found the +1 eveningstar "Brilliance" {foul flame, Umbra}
 65696 | Zig:27   | Identified the +6 halberd of Enormous Valour {vamp, Fly
                  | Will+ Str+6}
 65778 | Depths:4 | Upgraded the game from 0.32-a0-630-g46d191b to
                  | 0.32-a0-653-gee4d739
 65855 | Depths:4 | Learned a level 2 spell: Blink
 65859 | Depths:4 | Learned a level 3 spell: Passwall
 65946 | D:15     | Bought an embroidered scarf for 368 gold pieces
 65955 | D:15     | Bought a potion of curing for 66 gold pieces
 65955 | D:15     | Bought 2 potions of enlightenment for 220 gold pieces
 65955 | D:15     | Bought a potion of invisibility for 176 gold pieces
 65955 | D:15     | Bought a potion of mutation for 176 gold pieces
 65955 | D:15     | Bought a potion of heal wounds for 110 gold pieces
 65955 | D:15     | Bought a potion of cancellation for 176 gold pieces
 65963 | D:15     | Bought the orb "Laecil" {guile, rC+ rN+ Str+2 Int+3} for
                  | 397 gold pieces
 66247 | Tomb:1   | Entered Level 1 of the Tomb of the Ancients
 66726 | Tomb:1   | Noticed a royal mummy
 66726 | Tomb:1   | Noticed a royal mummy
 66728 | Tomb:1   | Noticed a royal mummy
 66729 | Tomb:1   | Noticed a royal mummy
 66738 | Tomb:1   | Killed a royal mummy
 66753 | Tomb:1   | Killed a royal mummy
 66763 | Tomb:1   | Killed a royal mummy
 66765 | Tomb:1   | Killed a royal mummy
 67045 | Tomb:2   | Noticed a royal mummy
 67045 | Tomb:2   | Noticed a royal mummy
 67045 | Tomb:2   | Noticed a royal mummy
 67045 | Tomb:2   | Noticed a royal mummy
 67055 | Tomb:2   | Killed a royal mummy
 67059 | Tomb:2   | Killed a royal mummy
 67071 | Tomb:2   | Killed a royal mummy
 67120 | Tomb:2   | Killed a royal mummy
 67460 | Tomb:1   | Noticed a royal mummy
 67480 | Tomb:1   | Killed a royal mummy
 67501 | Tomb:1   | Noticed a royal mummy
 67516 | Tomb:1   | Noticed a royal mummy
 67518 | Tomb:1   | Killed a royal mummy
 67524 | Tomb:1   | Noticed a royal mummy
 67531 | Tomb:1   | Killed a royal mummy
 67540 | Tomb:1   | Killed a royal mummy
 67550 | Tomb:1   | Noticed a royal mummy
 67563 | Tomb:1   | Killed a royal mummy
 67679 | Tomb:1   | Noticed a royal mummy
 67679 | Tomb:1   | Noticed a royal mummy
 67686 | Tomb:1   | Killed a royal mummy
 67702 | Tomb:1   | Killed a royal mummy
 67720 | Tomb:1   | Noticed a royal mummy
 67732 | Tomb:1   | Noticed a royal mummy
 67737 | Tomb:1   | Killed a royal mummy
 67745 | Tomb:1   | Killed a royal mummy
 67823 | Tomb:1   | Noticed a royal mummy
 67826 | Tomb:1   | Noticed a royal mummy
 67841 | Tomb:1   | Killed a royal mummy
 67849 | Tomb:1   | Noticed a royal mummy
 67853 | Tomb:1   | Noticed a royal mummy
 67856 | Tomb:1   | Killed a royal mummy
 67860 | Tomb:1   | Killed a royal mummy
 67876 | Tomb:1   | Killed a royal mummy
 67882 | Tomb:1   | Noticed a royal mummy
 67884 | Tomb:1   | Noticed a royal mummy
 67887 | Tomb:1   | Killed a royal mummy
 67893 | Tomb:1   | Killed a royal mummy
 67895 | Tomb:1   | Killed a royal mummy
 67912 | Tomb:1   | Noticed a royal mummy
 67922 | Tomb:1   | Killed a royal mummy
 68134 | Tomb:1   | Noticed a royal mummy
 68149 | Tomb:1   | Killed a royal mummy
 68150 | Tomb:1   | Reached skill level 27 in Spellcasting
 68448 | Tomb:3   | Entered Level 3 of the Tomb of the Ancients
 68456 | Tomb:3   | Reached skill level 1 in Earth Magic
 68456 | Tomb:3   | Noticed a royal mummy
 68465 | Tomb:3   | Noticed a royal mummy
 68466 | Tomb:3   | Noticed a royal mummy
 68472 | Tomb:3   | Noticed a royal mummy
 68483 | Tomb:3   | Noticed a royal mummy
 68488 | Tomb:3   | Killed a royal mummy
 68491 | Tomb:3   | Killed a royal mummy
 68495 | Tomb:3   | Killed a royal mummy
 68495 | Tomb:3   | Noticed a royal mummy
 68496 | Tomb:3   | Killed a royal mummy
 68498 | Tomb:3   | Killed a royal mummy
 68504 | Tomb:3   | Killed a royal mummy
 68519 | Tomb:3   | Noticed a royal mummy
 68529 | Tomb:3   | Killed a royal mummy
 68642 | Tomb:3   | Noticed a royal mummy
 68654 | Tomb:3   | Killed a royal mummy
 68689 | Tomb:3   | Found the +7 captain's cutlass {speed, disarm}
 68743 | Tomb:3   | Identified the +1 leather armour of Crawling {rC- Regen+
                  | rCorr}
 68757 | Tomb:3   | Identified the +5 quick blade "Hydrabane" {spect, Fly}
 68760 | Tomb:3   | Identified the ring of the Firefly {rC+ rCorr}
 68771 | Tomb:3   | Identified the +3 robe of the Divine God {rF+}
 69149 | Tomb:3   | Got a golden rune of Zot
 69658 | Pan      | Entered Pandemonium
 69731 | Pan      | Identified the amulet "Zemmosko" {Regen+ Str+7 Int+3 Dex-5}
 70143 | Pan      | Found an exit through the horrors of the Abyss.
 70240 | Pan      | Noticed Mennas
 70245 | Pan      | Killed Mennas
 70521 | Pan      | Noticed Afimmigo the pandemonium lord
 70609 | Pan      | Killed Afimmigo the pandemonium lord
 70691 | Pan      | Got a demonic rune of Zot
 71002 | Pan      | Entered the realm of Lom Lobon.
 71149 | Pan      | Found an exit through the horrors of the Abyss.
 71773 | Pan      | Noticed Lom Lobon
 71787 | Pan      | Killed Lom Lobon
 71836 | Pan      | Got a magical rune of Zot
 72293 | Pan      | Learned a level 5 spell: Summon Mana Viper
 72333 | Pan      | Noticed Maponlai the pandemonium lord
 72336 | Pan      | Identified the +10 mace of Shrieking Terror {freeze, Str+3}
 72391 | Pan      | Found an exit through the horrors of the Abyss.
 72458 | Pan      | Entered the realm of Cerebov.
 72540 | Pan      | Reached skill level 27 in Ice Magic
 72643 | Pan      | Found the +6 sword of Cerebov {flame}
 72643 | Pan      | Noticed Cerebov
 72746 | Pan      | Killed Cerebov
 72781 | Pan      | Got a fiery rune of Zot
 72810 | Pan      | Identified the ring "Udwidaibb" {Ice rPois rN+ Str-2}
 72820 | Pan      | Identified the ring "Fiklun" {rPois Slay+4}
 72948 | Pan      | Identified the +7 chain mail "Meatsat" {Str+5 Int+3}
 72976 | Pan      | Got Sif Muna's Reference Book on the Liminal Escort
 72981 | Pan      | Identified the +6 morningstar of Focus {holy, rPois rF-
                  | Str+6 Stlth+}
 72997 | Pan      | Identified the +3 broad axe of Dodusere {heavy, rC++ Int+4}
 73179 | Pan      | Found an exit through the horrors of the Abyss.
 73430 | Pan      | Entered the realm of Gloorx Vloq.
 73445 | Pan      | Reached skill level 27 in Shapeshifting
 74234 | Pan      | Noticed Gloorx Vloq
 74239 | Pan      | Killed Gloorx Vloq
 74292 | Pan      | Got a dark rune of Zot
 74364 | Pan      | Entered the realm of Mnoleg.
 74364 | Pan      | Noticed Mnoleg
 74392 | Pan      | Killed Mnoleg
 74407 | Pan      | Got a glowing rune of Zot
 74803 | Pan      | Found an exit through the horrors of the Abyss.
 74819 | Pan      | Took an exit into the Abyss.
 74819 | Abyss:4  | Escaped into the Abyss
 74843 | Depths:2 | Escaped the Abyss
 74904 | Hell     | Entered the Vestibule of Hell
 74904 | Hell     | Noticed Geryon
 74912 | Hell     | Killed Geryon
 75386 | Hell     | Reached skill level 5 in Evocations
 75400 | Hell     | Found a gateway to the freezing wastes of Cocytus.
 75561 | Hell     | Found a gateway to the ashen valley of Gehenna.
 75715 | Hell     | Found a gateway to the decaying netherworld of Tartarus.
 75842 | Hell     | Found a gateway to the Iron City of Dis.
 76044 | Geh:1    | Entered Level 1 of Gehenna
 76463 | Geh:7    | Entered Level 7 of Gehenna
 77117 | Geh:7    | Found the +13 sceptre of Asmodeus
 77117 | Geh:7    | Noticed Asmodeus
 77131 | Geh:7    | Killed Asmodeus
 77229 | Geh:7    | Got an obsidian rune of Zot
 77409 | Tar:1    | Entered Level 1 of Tartarus
 77560 | Tar:2    | Noticed a dread lich
 77587 | Tar:2    | Killed a dread lich
 77615 | Tar:2    | Noticed a dread lich
 77624 | Tar:2    | Paralysed by something for 2 turns
 77631 | Tar:2    | Killed a dread lich
 78362 | Tar:7    | Entered Level 7 of Tartarus
 79624 | Tar:7    | Identified the +1 battleaxe "Katikula" {spect, rPois rN+
                  | Dex+3}
 79732 | Tar:7    | Noticed Ereshkigal
 80052 | Tar:7    | Killed Ereshkigal
 80086 | Tar:7    | Got a bone rune of Zot
 80262 | Coc:1    | Entered Level 1 of Cocytus
 80475 | Coc:3    | Reached skill level 10 in Evocations
 80659 | Coc:3    | Paralysed by a wendigo for 1 turns
 81607 | Coc:6    | Reached skill level 27 in Fighting
 81879 | Coc:7    | Entered Level 7 of Cocytus
 81884 | Coc:7    | Paralysed by a wendigo for 1 turns
 82051 | Coc:7    | Paralysed by a wendigo for 1 turns
 82229 | Coc:7    | Noticed the Serpent of Hell
 82237 | Coc:7    | Killed the Serpent of Hell
 82794 | Coc:7    | Paralysed by a wendigo for 1 turns
 82798 | Coc:7    | Paralysed by a wendigo for 1 turns
 82875 | Coc:7    | Noticed Antaeus
 82886 | Coc:7    | Killed Antaeus
 83004 | Coc:7    | Got an icy rune of Zot
 83247 | Dis:1    | Entered Level 1 of the Iron City of Dis
 83664 | Dis:5    | Noticed an ancient lich
 83664 | Dis:5    | Noticed an ancient lich
 83669 | Dis:5    | Killed an ancient lich
 83674 | Dis:5    | Killed a dread lich
 83675 | Dis:5    | Killed an ancient lich
 83678 | Dis:5    | Killed an ancient lich
 83680 | Dis:5    | Killed an ancient lich
 83690 | Dis:5    | Killed an ancient lich
 84007 | Dis:6    | Noticed a juggernaut
 84007 | Dis:6    | Noticed a juggernaut
 84010 | Dis:6    | Killed a juggernaut
 84014 | Dis:7    | Entered Level 7 of the Iron City of Dis
 84085 | Dis:7    | Noticed an ancient lich
 84096 | Dis:7    | Killed an ancient lich
 84269 | Dis:7    | Noticed an ancient lich
 84274 | Dis:7    | Killed an ancient lich
 85104 | Dis:7    | Reached skill level 27 in Dodging
 85986 | Dis:7    | Noticed Dispater
 86001 | Dis:7    | Killed Dispater
 86119 | Dis:7    | Got an iron rune of Zot
 86156 | Dis:7    | Noticed a juggernaut
 86177 | Dis:7    | Killed a juggernaut
 86178 | Dis:7    | Reached skill level 27 in Armour
 86416 | Zot:1    | Entered Level 1 of the Realm of Zot
 87115 | Zot:1    | Reached skill level 27 in Long Blades
 87705 | Zot:2    | Identified the staff of Vanity {+Blink rPois Conj Ice}
 87707 | Zot:2    | Identified the +2 spear "Epofem" {flame, Int+3}
 87943 | Zot:2    | Found a runed translucent door.
 87944 | Zot:2    | Noticed Illymn's ghost (legendary TeBe)
 87965 | Zot:2    | Identified the +6 battleaxe of Death {flame, Will+ SInv}
 88152 | Zot:2    | Identified the +3 short sword of Mens Rea {freeze, rPois
                  | rC+ Str-5 Int+6}
 89784 | Zot:4    | Reached skill level 15 in Evocations
 90625 | Zot:5    | Entered Level 5 of the Realm of Zot
 90945 | Zot:5    | Noticed a dread lich
 90958 | Zot:5    | Killed a dread lich
 91068 | Zot:5    | Noticed an orb of fire
 91068 | Zot:5    | Noticed an orb of fire
 91077 | Zot:5    | Killed an orb of fire
 91084 | Zot:5    | Killed an orb of fire
 91418 | Zot:5    | Noticed a dread lich
 91433 | Zot:5    | Killed a dread lich
 91474 | Zot:5    | Noticed an orb of fire
 91474 | Zot:5    | Noticed a dread lich
 91481 | Zot:5    | Killed an orb of fire
 91486 | Zot:5    | Killed a dread lich
 92177 | Zot:5    | Got the Orb of Zot
 92299 | Zot:4    | Noticed Ragavvef the pandemonium lord
 92321 | Zot:4    | Killed Ragavvef the pandemonium lord
 92575 | Depths:1 | Noticed Wocuuck the pandemonium lord
 92596 | Depths:1 | Killed Wocuuck the pandemonium lord
 92890 | D:4      | Noticed Vireviq the pandemonium lord
 92896 | D:4      | Killed Vireviq the pandemonium lord
 93101 | D:1      | Noticed Ikewuk the pandemonium lord
 93108 | D:1      | Killed Ikewuk the pandemonium lord
 93293 | D:1      | Upgraded the game from 0.32-a0-653-gee4d739 to
                  | 0.32-a0-656-g3542139
 93368 | D:$      | Escaped with the Orb!

Illustrated notes

Levels and vault maps discovered:
D:1:      orjb1_clovarrival, layout_basic
D:2:      layout_loops_ring, patterned_corridor
D:3:      layout_basic, nicolae_qazlal_general_emergency
D:4:      layout_basic
D:5:      layout_loops_cross, minmay_temple_entry_statues, serial_shops,
          nicolae_take_the_stairs, minmay_chambers_of_fives, uniq_sigmund,
          uniq_ijyb
D:6:      layout_layer_cave, mainiacjoe_overflow_alcove_1,
          mainiacjoe_overflow_brackets, grunt_temple_overflow_diamond
D:7:      layout_gridville, evilmike_ruin_ashenzari, nicolae_ossuary_entry_giza,
          minmay_fractal_squares_gapless_5, uniq_maggie
D:8:      layout_loops_corners, lemuel_tele_altar, special_room
          [special_room_orc], gammafunk_ghost_abyssal_escape,
          kennysheep_generic_room_4, uniq_grum
D:9:      layout_roguey, marbit_many_paths, slow_altar_2,
          lemuel_coloured_pillars_altar
D:10:     wad_arrow_thing, layout_rooms, lair_entry_dummy, orc_david_3,
          uniq_gastronok
D:11:     layout_basic, maelrawn_ghost_gauntlet_escape,
          nicolae_vehumet_altar_sigil
D:12:     layout_loops_corners, enter_trove_2, uniq_azrael
D:13:     layout_irregular_city, david_vaults_5,
          portal_ice_cave_entry_pillars_1, serial_shops, bzr_entry_islet,
          minivault_7, uniq_snorg
D:14:     layout_basic, fedhas_altar_fruit_tree, kennysheep_generic_room_5
D:15:     grunt_enter_depths_hoard, layout_cave_pools, fountainhead,
          serial_shops, nicolae_shop_tiny_real_fake_doors
Temple:   hellmonk_temple_divided_pantheon
Lair:1:   layout_small_grid, nzn_sisyphean_effort
Lair:2:   layout_regular_city, mainiacjoe_swamp_entry_lozenge_pond,
          lemuel_fruit_fields
Lair:3:   layout_regular_city, alex1729_snake_entry_snake,
          nicolae_lair_liquid_snakes, lemuel_fruit_tree, grunt_megastairs_1,
          infiniplex_staircase_pool, serial_bayou_shore_a
Lair:4:   mu_elephants_graveyard, layout_regular_city,
          nicolae_slime_entry_field_trip
Lair:5:   hellmonk_lair_end_abyssal_woods, layout_hall_layers, dpeg_oklob_1
Swamp:1:  layout_falls_marsh, evilmike_swamp_ruin_house_5, swamp_pool_1_2,
          nicolae_swamp_decorative_isthmus
Swamp:2:  layout_falls_marsh, evilmike_swamp_ruin_house_4,
          nicolae_swamp_long_stream, uniq_frances
Swamp:3:  layout_falls_marsh, evilmike_swamp_ruin_rubble_1, swamp_pool_4,
          lemuel_altar_in_water
Swamp:4:  swamp_basic_johnstein, layout_basic_swamp
Snake:1:  layout_rooms, nicolae_snake_the_dead_are_slithering
Snake:2:  layout_rooms
Snake:3:  layout_chambers
Snake:4:  snake_pit, layout_layer_cave, grunt_megastairs_2, uniq_vashnia
Slime:1:  layout_caves, nicolae_slime_barrier,
          cheibrodos_slime_lost_civilization_4
Slime:2:  layout_caves
Slime:3:  layout_caves
Slime:4:  layout_caves, basic_altar, nicolae_slime_phagocytosis
Slime:5:  slime_pit_nicolae_trefoil
Orc:1:    layout_caves
Orc:2:    st_orc_rangers, layout_caves
Elf:1:    eino_elf_arrival_customs, layout_gridlike,
          minmay_elf_crystal_heptagon, minivault_14, minmay_misc_feat_rows,
          hangedman_elf_simple_split
Elf:2:    nicolae_elf_blades_crystal_corner, layout_loops_corners, serial_shops,
          nicolae_shop_dealshenge, uniq_jorgrun
Elf:3:    nooodl_elf_gasket, layout_loops_corners, serial_shops, shop,
          feat_on_display
Vaults:1: vaults_mumra_hexcomb, st_greater_box_1, ontoclasm_vaults_idyll,
          ontoclasm_vaults_ligature, dpeg_vaults_monster_box,
          hangedman_vaults_variations, nicolae_vaults_swerve,
          nicolae_vaults_shelves_hall, nicolae_vaults_double_plus_1,
          nicolae_vaults_alarming, nicolae_vaults_tetromino_T_1,
          layout_vaults_omnibox, serial_shops, shop
Vaults:2: portal_desolation_entry_holy_temple, v_rooms_5,
          nicolae_vaults_what_the_h, nicolae_vaults_six-pack,
          vaults_room_semicircle, nicolae_vaults_little_ls,
          nicolae_vaults_storage_closets_3, vaults_room_fours,
          layout_vaults_quadrants, serial_shops, shop
Vaults:3: nicolae_vaults_tetromino_L_1, v_misc_12,
          nicolae_vaults_ring_of_whatevers, minmay_crypt_entry_simple_corners,
          v_alt_pattern_4, serial_ice_h, v_misc_1, nicolae_vaults_trapezoid_3,
          st_smaller_cells, vaults_room_hallway, nicolae_vaults_two_Ls,
          vaults_room_semicircle, vaults_room_fours,
          nicolae_vaults_heart-shaped_vault, layout_vaults_chaotic_city,
          uniq_mara
Vaults:4: v_misc_11, vaults_dpeg_spiral, v_pattern_2,
          vaults_room_stairs_pillars, vaults_dpeg_ring,
          ontoclasm_vaults_decontamination, hangedman_vaults_stagger,
          vaults_room_fancy_cross, nicolae_vaults_tetromino_L_2,
          nicolae_vaults_spaceships, nicolae_vaults_more_shelving_2,
          nicolae_vaults_tetromino_T_2, nicolae_vaults_oozy_zoo,
          nicolae_vaults_tangram_1, nicolae_vaults_trapezoid_4,
          ontoclasm_vaults_shuriken, layout_vaults_omnicross, serial_shops,
          shop, nicolae_shop_pleasant_corner_grove, shop, shop, uniq_jory
Vaults:5
Crypt:1:  layout_rooms, nicolae_crypt_crosshalls, grunt_crypt_arrival_split
Crypt:2:  layout_rooms, moated_statue
Crypt:3:  lightli_unholy_cathedral, layout_chaotic_city,
          tomb_entry_sphere_bobbens, uniq_bai_suzhen, uniq_josephina
Tomb:1
Tomb:2
Tomb:3
Depths:1: layout_cave_pools, regret_index_xom_buried_treasure, hell_entry,
          abyss_entry, minivault_15, minmay_fractal_squares_diagonal_5,
          uniq_nikola
Depths:2: grunt_arcs, layout_basic, minmay_misc_feat_alley,
          grunt_pan_entry_zigzag, hellmouth_1, serial_shops,
          nicolae_shop_tiny_real_fake_doors, lemuel_another_geyser,
          minmay_staircase_bubble
Depths:3: regret_index_makhleb_lecture_halls, layout_cave_shapes, hell_entry,
          minmay_misc_feat_rugged, abyss_entry_flame_altar,
          minmay_stone_trees_medium, grunt_gozag_breadcrumbs,
          infiniplex_staircase_pillars_1, uniq_frederick
Depths:4: grunt_zot_entry_hairpin, layout_long_grid, enter_ziggurat_f,
          nicolae_zig_zag_zippers, serial_shops, shop,
          hangedman_tar_grid_catacomb
Hell
Dis:1:    layout_gridville
Dis:2:    layout_subdivisions
Dis:3:    layout_gridville
Dis:4:    layout_regular_city
Dis:5:    layout_regular_city, nicolae_hells_leichenhalle
Dis:6:    layout_gridville, hangedman_dis_chains,
          nicolae_dis_step_into_the_octagon
Dis:7:    dis_st
Geh:1:    layout_gehenna_pools_basic, nicolae_hells_hurtin_island
Geh:2:    layout_gehenna_pools_basic, nicolae_geh_gnashing_of_teeth
Geh:3:    layout_gehenna_pools_triple
Geh:4:    layout_gehenna_lava_caves
Geh:5:    layout_gehenna_pools_basic
Geh:6:    layout_gehenna_pools_basic, nicolae_geh_lava_lounge
Geh:7:    geh_hangedman
Coc:1:    layout_ice_bergs
Coc:2:    nicolae_hells_giants_party, layout_ice_bergs
Coc:3:    layout_cocytus_delve
Coc:4:    layout_ice_bergs
Coc:5:    layout_cocytus_water_paths
Coc:6:    nicolae_coc_two_mouths, layout_cocytus_water_paths
Coc:7:    coc_grunt_cove [coc_grunt_cove_antaeus, coc_grunt_cove_fiend,
          coc_grunt_cove_fiend, coc_grunt_cove_fiend, coc_grunt_cove_fiend]
Tar:1:    layout_honeycomb
Tar:2:    layout_honeycomb
Tar:3:    nicolae_hells_demon_pit, layout_cathedral_of_symmetry
Tar:4:    layout_cathedral_of_symmetry
Tar:5:    nicolae_tar_fifth_circle, layout_cathedral_of_symmetry
Tar:6:    layout_grid_maze
Tar:7:    tar_mu [tar_mu_maze]
Zot:1:    layout_onion_interference, hangedman_zot_wheel_spokes,
          st_single_dragon_hoard_4, st_stairs_3, skrybe_zot_glass_3
Zot:2:    layout_cathedral_of_symmetry, gammafunk_ghost_grave,
          hangedman_swamp_dais
Zot:3:    layout_cathedral_of_symmetry, regret_index_zotdec_onion_hex
Zot:4:    layout_misc_corridors, regret_index_zotdec_silver_v_v_loose,
          hangedman_hellfire_club
Zot:5:    layout_misc_corridors

Skill      XL: |  1  2  3  4  5  6  7  8  9 10 11 12 13 14 15 16 17 18 19 20 21 22 23 24 25 26 27 |
---------------+----------------------------------------------------------------------------------+-----
Fighting       | 2 4 5 6 8 9 10 12 13 14 15 27 | 27.0
Evocations     | 4 20 | 20.2
Long Blades    | 1 3 6 9 11 14 16 17 18 27 | 27.0
Dodging        | 2 4 6 8 9 10 12 13 14 15 16 27 | 27.0
Armour         | 3 4 9 13 27 | 27.0
Ice Magic      | 3 7 8 9 12 14 16 18 20 22 24 25 27 | 27.0
Conjurations   | 1 4 5 |  5.0
Air Magic      | 1 4 5 6 8 10 25 | 25.0
Spellcasting   | 1 4 5 7 9 12 14 16 17 19 21 22 27 | 27.0
Shapeshifting  | 6 12 16 17 18 20 22 27 | 27.0
Hexes          | 5 7 9 12 26 | 26.7
Translocations | 9 |  9.0
Alchemy        | 6 |  6.0
Earth Magic    | 4 |  4.0
Stealth        | |  0.8

Action                     |  1- 3 |  4- 6 |  7- 9 | 10-12 | 13-15 | 16-18 | 19-21 | 22-24 | 25-27 || total
---------------------------+-------+-------+-------+-------+-------+-------+-------+-------+-------++-------
  Melee: Club              |     3 |       |       |       |       |       |       |       |       ||     3
         Whip              |    42 |   131 |   173 |       |       |       |       |       |       ||   346
         Scimitar          |       |    14 |   204 |   148 |   156 |   386 |       |       |       ||   908
         Great sword       |       |       |     4 |   400 |  1017 |   602 |   569 |       |       ||  2592
         Trident           |       |       |       |    11 |    42 |     7 |       |       |       ||    60
         Double sword      |       |       |       |       |       |       |   541 |   717 |  3787 ||  5045
         Staff             |       |       |       |       |       |       |       |       |     3 ||     3
         Bo                |       |       |       |       |       |       |       |       |     1 ||     1
   Fire: Sling             |    89 |       |       |     5 |       |       |       |       |       ||    94
         Orcbow            |       |       |       |       |    28 |       |       |       |       ||    28
  Throw: Dart              |       |       |     2 |     9 |    11 |       |     3 |       |     1 ||    26
         Throwing net      |       |       |       |     1 |     2 |       |       |       |       ||     3
   Cast: Frozen Ramparts   |       |       |       |       |    71 |    23 |    15 |       |       ||   109
         Ozocubu's Armour  |       |       |       |       |    90 |    35 |    38 |     7 |    22 ||   192
         Mephitic Cloud    |       |       |       |       |     3 |     2 |     1 |       |       ||     6
         Freezing Cloud    |       |       |       |       |       |    48 |    35 |     1 |     2 ||    86
         Silence           |       |       |       |       |       |     7 |    30 |     2 |     1 ||    40
         Ozocubu's Refrige |       |       |       |       |       |     1 |    58 |    34 |    26 ||   119
         Polar Vortex      |       |       |       |       |       |       |     2 |   135 |   415 ||   552
         Lesser Beckoning  |       |       |       |       |       |       |       |     1 |     8 ||     9
         Discord           |       |       |       |       |       |       |       |       |   230 ||   230
         Apportation       |       |       |       |       |       |       |       |       |   115 ||   115
         Maxwell's Capacit |       |       |       |       |       |       |       |       |    85 ||    85
         Summon Mana Viper |       |       |       |       |       |       |       |       |    59 ||    59
         Yara's Violent Un |       |       |       |       |       |       |       |       |    41 ||    41
         Enfeeble          |       |       |       |       |       |       |       |       |    33 ||    33
         Irradiate         |       |       |       |       |       |       |       |       |    14 ||    14
         Blink             |       |       |       |       |       |       |       |       |     8 ||     8
         Passage of Golubr |       |       |       |       |       |       |       |       |     5 ||     5
         Passwall          |       |       |       |       |       |       |       |       |     4 ||     4
         Vhi's Electric Ch |       |       |       |       |       |       |       |       |     4 ||     4
         Manifold Assault  |       |       |       |       |       |       |       |       |     2 ||     2
 Invoke: Potion Petition   |       |       |       |     2 |     1 |       |       |     1 |    21 ||    25
         Call Merchant     |       |       |       |       |       |       |       |       |    12 ||    12
Ability: Hop               |       |       |     7 |     7 |     4 |     8 |     5 |     2 |    29 ||    62
         Begin Untransform |       |       |       |       |     2 |       |       |       |     7 ||     9
  Evoke: Wand              |       |     2 |    31 |    19 |     7 |     1 |     2 |       |     8 ||    70
         Condenser vane    |       |       |       |       |     1 |     1 |       |       |       ||     2
         Sack of spiders   |       |       |       |       |       |     1 |     1 |       |       ||     2
         Phial of floods   |       |       |       |       |       |     1 |       |       |       ||     1
    Use: Potion            |       |       |     3 |       |       |       |     4 |     3 |    43 ||    53
         Scroll            |       |       |       |    16 |     7 |     2 |     7 |     1 |    66 ||    99
   Stab: Distracted        |       |       |     1 |     5 |     4 |    13 |    12 |     9 |    53 ||    97
         Paralysed         |       |       |       |     1 |     4 |       |       |       |       ||     5
         Confused          |       |       |       |       |     3 |     2 |     2 |       |       ||     7
         Held in net/web   |       |       |       |       |     1 |       |       |       |       ||     1
         Sleeping          |       |       |       |       |       |     1 |     1 |       |     1 ||     3
         Invisible         |       |       |       |       |       |       |       |       |    19 ||    19
 Armour: Leather armour    |    15 |       |       |       |       |       |       |       |       ||    15
         Ring mail         |    58 |   118 |   235 |       |       |       |       |       |       ||   411
         Swamp dragon scal |       |       |    13 |    72 |   709 |       |       |       |       ||   794
         Chain mail        |       |       |       |   338 |    21 |       |       |       |       ||   359
         Skin              |       |       |       |    32 |     8 |  1254 |  1443 |   929 |  1042 ||  4708
         Scale mail        |       |       |       |       |    41 |       |       |       |       ||    41
         Pearl dragon scal |       |       |       |       |       |       |       |       |  2128 ||  2128
  Dodge: Dodged            |    65 |    69 |   259 |   419 |  1263 |  1481 |  1874 |   986 |  4057 || 10473
  Block: Buckler           |       |       |       |       |    12 |       |       |       |       ||    12
   Form: Statue            |       |       |       |       |     3 |       |       |       |     6 ||     9
         Death             |       |       |       |       |       |       |       |       |     9 ||     9

Table legend: (Time is in decaauts)
 A = Elapsed time spent in this place.
 B = Non-inter-level travel time spent in this place.
 C = Inter-level travel time spent in this place.
 D = Time resting spent in this place.
 E = Time spent auto-exploring this place.
 F = Levels seen in this place.
 G = Mean time per level.
                   A        B        C        D        E       F      G
               +--------+--------+--------+--------+--------+-----+--------+
         Total | 117012 | 105580 |  11432 |  13228 |  59383 | 141 |  829.9 |
       Dungeon |  21539 |  18038 |   3501 |   2155 |  11382 |  15 | 1435.9 |
        Temple |     50 |     40 |     10 |      0 |      0 |   1 |   50.0 |
          Lair |   7242 |   5529 |   1713 |    455 |   3760 |   5 | 1448.4 |
         Swamp |   4566 |   4049 |    517 |    314 |   2704 |   4 | 1141.5 |
     Snake Pit |   7398 |   7125 |    273 |    460 |   5060 |   4 | 1849.5 |
    Slime Pits |   4362 |   3932 |    430 |     34 |   2665 |   5 |  872.4 |
  Orcish Mines |   1635 |   1327 |    308 |     70 |    805 |   2 |  817.5 |
   Elven Halls |   7301 |   6877 |    424 |   1315 |   3538 |   3 | 2433.7 |
        Vaults |  12058 |  10706 |   1352 |   1547 |   6775 |   5 | 2411.6 |
         Crypt |   4638 |   4111 |    527 |    640 |   2399 |   3 | 1546.0 |
          Tomb |   3455 |   3217 |    238 |    328 |   1896 |   3 | 1151.7 |
        Depths |   7964 |   6804 |   1160 |    799 |   4332 |   4 | 1991.0 |
          Hell |   1094 |   1009 |     85 |     51 |    530 |   1 | 1094.0 |
           Dis |   3018 |   2940 |     78 |   1415 |    363 |   7 |  431.1 |
       Gehenna |   1401 |   1367 |     34 |    336 |    186 |   7 |  200.1 |
       Cocytus |   3177 |   3063 |    114 |    526 |   1231 |   7 |  453.9 |
      Tartarus |   3058 |   2834 |    224 |    342 |   1547 |   7 |  436.9 |
           Zot |   6820 |   6384 |    436 |    235 |   4864 |   5 | 1364.0 |
         Abyss |   1005 |   1005 |      0 |     65 |      0 |   5 |  201.0 |
   Pandemonium |   5456 |   5456 |      0 |    795 |    865 |  16 |  341.0 |
      Ziggurat |   5730 |   5730 |      0 |    694 |   2834 |  27 |  212.2 |
        Bazaar |     47 |     47 |      0 |      0 |      0 |   1 |   47.0 |
         Trove |    344 |    344 |      0 |      0 |    201 |   1 |  344.0 |
       Ossuary |    302 |    302 |      0 |      0 |    165 |   1 |  302.0 |
      Ice Cave |   1337 |   1337 |      0 |    326 |    383 |   1 | 1337.0 |
    Desolation |   2006 |   2006 |      0 |    319 |    889 |   1 | 2006.0 |
               +--------+--------+--------+--------+--------+-----+--------+

Top non-repeatable levels by time:
Vaults:4: 3329 daAuts
   Elf:3: 3052 daAuts
 Snake:3: 3022 daAuts
   Elf:2: 2625 daAuts
Depths:2: 2501 daAuts
Vaults:2: 2449 daAuts
 Crypt:3: 2355 daAuts
Vaults:1: 2282 daAuts
   Dis:7: 2255 daAuts
 Snake:4: 2234 daAuts
Vaults:3: 2147 daAuts
    D:13: 2130 daAuts
   Tar:7: 2078 daAuts
  Lair:5: 2058 daAuts
Depths:3: 2029 daAuts
